Workbook

Sheet Indice
H3: Presentado por:
H5: José Gonzalo Alfonso Zambrano
H6: Diana Katherine Barrera Obando
H7: Christian Steven Cepeda Rodríguez
H10: Especialización en Gerencia y Administración Financiera
H11: Programa de Ingeniería Financiera
H12: 2022
H14: GAF85

Sheet Situación Financiera
A2: ESTADOS FINANCIEROS CIFRAS HISTORICAS | B2: SITUACIÓN FINANCIERA CIFRAS HISTORICAS
B3: ACTIVOS | H3: ANALISIS VERTICAL
B4: AÑO | C4: 2017 | D4: 2018 | E4: 2019 | F4: 2020 | G4: 2021 | H4: 2017 | I4: 2018 | J4: 2019 | K4: 2020 | L4: 2021
B5: Efectivo y Equivalentes de Efectivo | C5: 154968628 | D5: 43688957 | E5: 88283543 | F5: 68971655 | G5: 1015572 | H5: =C5/C$17 -> 0.0077405894 | I5: =D5/D$17 -> 0.0021250024 | J5: =E5/E$17 -> 0.0042325382 | K5: =F5/F$17 -> 0.0033627388 | L5: =G5/G$17 -> 4.7878296e-05
B6: Clientes y otras cuentas comerciales por cobrar | C6: 581219338 | D6: 402692804 | E6: 577633014 | F6: 452430357 | G6: 905410373 | H6: =C6/C$17 -> 0.029031555 | I6: =D6/D$17 -> 0.019586715 | J6: =E6/E$17 -> 0.0276932 | K6: =F6/F$17 -> 0.022058411 | L6: =G6/G$17 -> 0.042684818
B7: Activos por Impuestos corrientes | C7: 187450360 | D7: 444942198 | E7: 556149913 | F7: 146026623 | G7: 240956500 | H7: =C7/C$17 -> 0.0093630323 | I7: =D7/D$17 -> 0.021641698 | J7: =E7/E$17 -> 0.026663245 | K7: =F7/F$17 -> 0.0071195825 | L7: =G7/G$17 -> 0.011359693
B8: Impuesto Diferido Renta | C8: 1124410 | D8: 10403223 | E8: 9337546
B9: TOTAL ACTIVOS CORRIENTES | C9: =C5+C6+C7+C8 -> 924762736 | D9: =D5+D6+D7+D8 -> 901727182 | E9: =E5+E6+E7+E8 -> 1231404016 | F9: =F5+F6+F7+F8 -> 667428635 | G9: =G5+G6+G7+G8 -> 1147382445 | H9: =C9/C$17 -> 0.04619134 | I9: =D9/D$17 -> 0.043859422 | J9: =E9/E$17 -> 0.059036649 | K9: =F9/F$17 -> 0.032540732 | L9: =G9/G$17 -> 0.05409239
B11: ACTIVOS NO CORRIENTES
B12: Propiedad Planta Y Equipo | C12: 15686654738 | D12: 16217918992 | E12: 16199920443 | F12: 16393861749 | G12: 16621721425 | H12: =C12/C$17 -> 0.78353893 | I12: =D12/D$17 -> 0.788829 | J12: =E12/E$17 -> 0.7766655 | K12: =F12/F$17 -> 0.79928885 | L12: =G12/G$17 -> 0.78361721
B13: Intangibles | C13: 3408844641 | D13: 3439840140 | E13: 3426973651 | F13: 3449269336 | G13: 3442427942 | H13: =C13/C$17 -> 0.17026973 | I13: =D13/D$17 -> 0.16731158 | J13: =E13/E$17 -> 0.16429786 | K13: =F13/F$17 -> 0.16817041 | L13: =G13/G$17 -> 0.1622904
B15: TOTAL ACTIVOS NO CORRIENTES | C15: =C13+C12 -> 19095499379 | D15: =D13+D12 -> 19657759132 | E15: =E13+E12 -> 19626894094 | F15: =F13+F12 -> 19843131085 | G15: =G13+G12 -> 20064149367 | H15: =C15/C$17 -> 0.95380866 | I15: =D15/D$17 -> 0.95614058 | J15: =E15/E$17 -> 0.94096335 | K15: =F15/F$17 -> 0.96745927 | L15: =G15/G$17 -> 0.94590761
B17: TOTAL ACTIVOS | C17: =C15+C9 -> 20020262115 | D17: =D15+D9 -> 20559486314 | E17: =E15+E9 -> 20858298110 | F17: =F15+F9 -> 20510559720 | G17: =G15+G9 -> 21211531812 | H17: =H15+H9 -> 1 | I17: =I15+I9 -> 1 | J17: =J15+J9 -> 1 | ... L17: =L15+L9 -> 1
B20: PASIVOS | H20: ANALISIS VERTICAL
B21: AÑO | C21: 2017 | D21: 2018 | E21: 2019 | F21: 2020 | G21: 2021 | H21: 2017 | I21: 2018 | J21: 2019 | K21: 2020 | L21: 2021
B22: Préstamos Corto Plazo | E22: 300000000 | F22: =681291656 -> 681291656 | G22: =500062109+22813056 -> 522875165 | H22: =C22/C$35 -> 0 | I22: =D22/D$35 -> 0 | J22: =E22/E$35 -> 0.0439782 | K22: =F22/F$35 -> 0.11462984 | L22: =G22/G$35 -> 0.078532222
B23: Proveedores | E23: 0 | F23: 367514252 | G23: 598388103 | H23: =C23/C$35 -> 0 | I23: =D23/D$35 -> 0 | J23: =E23/E$35 -> 0 | K23: =F23/F$35 -> 0.061835633 | L23: =G23/G$35 -> 0.089873741
B24: Cuentas Por Pagar | C24: 379797029 | D24: 462881103 | E24: 818168718 | F24: 198741700 | G24: 506149781 | H24: =C24/C$35 -> 0.061319837 | I24: =D24/D$35 -> 0.069514548 | J24: =E24/E$35 -> 0.11993863 | K24: =F24/F$35 -> 0.033439026 | L24: =G24/G$35 -> 0.076020185
B25: Impuestos Por Pagar | C25: 133036821 | D25: 289514417 | E25: 471703018 | F25: 254286286 | G25: 207739200 | H25: =C25/C$35 -> 0.021479358 | I25: =D25/D$35 -> 0.04347869 | J25: =E25/E$35 -> 0.069148832 | K25: =F25/F$35 -> 0.042784608 | L25: =G25/G$35 -> 0.031200986
B26: Beneficios A Empleados | C26: 338874397 | D26: 424880926 | E26: 465038033 | F26: 454079916 | G26: 595527132 | H26: =C26/C$35 -> 0.054712705 | I26: =D26/D$35 -> 0.063807759 | J26: =E26/E$35 -> 0.068171786 | K26: =F26/F$35 -> 0.076400626 | L26: =G26/G$35 -> 0.089444043
B27: TOTAL PASIVOS CORRIENTES | C27: =C22+C23+C25+C26+C24 -> 851708247 | D27: =D22+D23+D25+D26+D24 -> 1177276446 | E27: =E22+E23+E25+E26+E24 -> 2054909769 | F27: =F22+F23+F25+F26+F24 -> 1955913810 | G27: =G22+G23+G25+G26+G24 -> 2430679381 | H27: =C27/C$35 -> 0.1375119 | I27: =D27/D$35 -> 0.176801 | J27: =E27/E$35 -> 0.30123744 | K27: =F27/F$35 -> 0.32908973 | L27: =G27/G$35 -> 0.36507118
B29: PASIVOS NO CORRIENTES
B30: Préstamos Largo Plazo | C30: 3006370494 | D30: 2992927779 | E30: 2587635103 | F30: 2767874701 | G30: 3015176623 | H30: =C30/C$35 -> 0.48539123 | I30: =D30/D$35 -> 0.44947184 | J30: =E30/E$35 -> 0.37933178 | K30: =F30/F$35 -> 0.46570516 | L30: =G30/G$35 -> 0.45285861
B31: Pasivo Por Impuesto Diferido | F31: 10049892 | G31: 14220172 | H31: =C31/C$35 -> 0 | I31: =D31/D$35 -> 0 | J31: =E31/E$35 -> 0 | K31: =F31/F$35 -> 0.0016909315 | L31: =G31/G$35 -> 0.0021357712
B32: Otros Pasivos | C32: 2335627040 | D32: 2488561660 | E32: 2179016709 | F32: 1209567315 | G32: 1198021023 | H32: =C32/C$35 -> 0.37709687 | I32: =D32/D$35 -> 0.37372716 | J32: =E32/E$35 -> 0.31943078 | K32: =F32/F$35 -> 0.20351418 | L32: =G32/G$35 -> 0.17993444
B33: TOTAL PASIVOS NO CORRIENTES | C33: =C30+C31+C32 -> 5341997534 | D33: =D30+D31+D32 -> 5481489439 | E33: =E30+E31+E32 -> 4766651812 | F33: =F30+F31+F32 -> 3987491908 | G33: =G30+G31+G32 -> 4227417818 | H33: =C33/C$35 -> 0.8624881 | I33: =D33/D$35 -> 0.823199 | J33: =E33/E$35 -> 0.69876256 | K33: =F33/F$35 -> 0.67091027 | L33: =G33/G$35 -> 0.63492882
B35: TOTAL PASIVOS | C35: =C33+C27 -> 6193705781 | D35: =D33+D27 -> 6658765885 | E35: =E33+E27 -> 6821561581 | F35: =F33+F27 -> 5943405718 | G35: =G33+G27 -> 6658097199 | H35: =H33+H27 -> 1 | I35: =I33+I27 -> 1 | J35: =J33+J27 -> 1 | ... L35: =L33+L27 -> 1
B37: PATRIMONIO
B38: AÑO | C38: 2017 | D38: 2018 | E38: 2019 | F38: 2020 | G38: 2021 | H38: 2017 | I38: 2018 | J38: 2019 | K38: 2020 | L38: 2021
B39: Capital Suscrito y Pagado | C39: 1044000000 | D39: 1044000000 | E39: 1044000000 | F39: 1044000000 | G39: 1044000000 | H39: =C39/C$45 -> 0.075506871 | I39: =D39/D$45 -> 0.075104021 | J39: =E39/E$45 -> 0.074376262 | K39: =F39/F$45 -> 0.071668083 | L39: =G39/G$45 -> 0.071364248
B40: Reserva Legal | C40: 49085878 | D40: 49085878 | E40: 49085878 | F40: 49085878 | G40: 0 | H40: =C40/C45 -> 0.0035501159 | I40: =D40/D45 -> 0.0035311751 | J40: =E40/E45 -> 0.003496958 | K40: =F40/F45 -> 0.0033696272 | L40: =G40/G45 -> 0
B41: Reservas Ocasionales | C41: 367028046 | D41: 367028046 | E41: 367028046 | F41: 367028046 | G41: 491853352 | H41: =C41/C$45 -> 0.026545152 | I41: =D41/D$45 -> 0.026403527 | J41: =E41/E$45 -> 0.026147677 | K41: =F41/F$45 -> 0.02519559 | L41: =G41/G$45 -> 0.033621403
B42: Utilidad Y/O Pérdida del Ejercicio | C42: ='Estado resultados'!C20 -> -12579439 | D42: ='Estado resultados'!D20 -> 86425549 | E42: ='Estado resultados'!E20 -> 136016100 | F42: ='Estado resultados'!F20 -> 530417473 | G42: ='Estado resultados'!G20 -> -13719389 | H42: =C42/C$45 -> -0.00090980275 | I42: =D42/D$45 -> 0.0062173432 | J42: =E42/E$45 -> 0.0096900088 | K42: =F42/F$45 -> 0.036411881 | L42: =G42/G$45 -> -0.00093781023
B43: Utilidades / Pérdidas Acumuladas | C43: -664540256 | D43: =C43+C42 -> -677119695 | E43: =D43+D42 -> -590694146 | F43: =E43+E42 -> -454678046 | G43: =F43+F42 -> 75739427 | H43: =C43/C$45 -> -0.048062601 | I43: =D43/D$45 -> -0.048711122 | J43: =E43/E$45 -> -0.042082014 | K43: =F43/F$45 -> -0.031212552 | L43: =G43/G$45 -> 0.0051772866
B44: Utilidades acumuladas por operaciones NIIF | C44: 13043562105 | D44: 13031300650 | E44: 13031300650 | F44: 13031300650 | G44: 13031300650 | H44: 0.94337026 | I44: 0.93745506 | J44: 0.92837111 | K44: 0.89456737 | L44: 0.89541067
B45: TOTAL PATRIMONIO | C45: =C39+C41+C42+C44+C43+C40 -> 13826556334 | D45: =D39+D41+D42+D44+D43+D40 -> 13900720428 | E45: =E39+E41+E42+E44+E43+E40 -> 14036736528 | F45: =F39+F41+F42+F44+F43+F40 -> 14567154001 | G45: =G39+G41+G42+G44+G43+G40 -> 14629174040 | H45: =SUM(H39:H44) -> 1 | I45: =SUM(I39:I44) -> 1 | J45: =SUM(J39:J44) -> 1 | K45: =SUM(K39:K44) -> 1 | L45: =SUM(L39:L44) -> 1.0046358
B47: TOTAL PASIVO + PATRIMONIO | C47: =C45+C35 -> 20020262115 | D47: =D45+D35 -> 20559486313 | E47: =E45+E35 -> 20858298109 | F47: =F45+F35 -> 20510559719 | G47: =G45+G35 -> 21287271239
B49: Detalles de Depreciación y Amortización
B50: Depreciaciones | C50: 172454112 | D50: 271645297 | E50: 196588192 | F50: 199060704 | G50: 217471629
B51: Amortizaciones | C51: 0 | D51: 138553887 | E51: 177021270 | F51: 122753607 | G51: 148636088

Sheet Estado resultados
A2: ESTADO RESULTADOS CIFRAS HISTORICAS
H4: ANALISIS VERTICAL
B5: INGRESOS POR SERVICIOS | C5: 2017 | D5: 2018 | E5: 2019 | F5: 2020 | G5: 2021 | H5: 2017 | I5: 2018 | J5: 2019 | K5: 2020 | L5: 2021
B6: INGRESOS BRUTOS OPERACIONALES | C6: 11677869922 | D6: 13922708568 | E6: 18162369966 | F6: 14195917839 | G6: 16192756548 | H6: =C6/C$6 -> 1 | I6: =D6/D$6 -> 1 | J6: =E6/E$6 -> 1 | K6: =F6/F$6 -> 1 | L6: =G6/G$6 -> 1
B7: DEVOLUCIONES Y DESCUENTOS EN SERVICIOS | C7: 495946942 | D7: 505537124 | E7: 741621727 | F7: 1597379970 | G7: 809190070 | H7: =C7/C$6 -> 0.042468956 | I7: =D7/D$6 -> 0.036310257 | J7: =E7/E$6 -> 0.040832872 | K7: =F7/F$6 -> 0.1125239 | L7: =G7/G$6 -> 0.049972348
B8: INGRESOS NETOS | C8: =C6-C7 -> 11181922980 | D8: =D6-D7 -> 13417171444 | E8: =E6-E7 -> 17420748239 | F8: =F6-F7 -> 12598537869 | G8: =G6-G7 -> 15383566478 | H8: =C8/C$6 -> 0.95753104 | I8: =D8/D$6 -> 0.96368974 | J8: =E8/E$6 -> 0.95916713 | K8: =F8/F$6 -> 0.8874761 | L8: =G8/G$6 -> 0.95002765
B9: COSTO DE VENTAS | C9: 2687265148 | D9: 3420537716 | E9: 11747570453 | F9: 7057159585 | G9: 9267765228 | H9: =C9/C$6 -> 0.23011604 | I9: =D9/D$6 -> 0.24568048 | J9: =E9/E$6 -> 0.64680823 | K9: =F9/F$6 -> 0.49712598 | L9: =G9/G$6 -> 0.57234018
B10: UTILIDAD BRUTA | C10: =C8-C9 -> 8494657832 | D10: =D8-D9 -> 9996633728 | E10: =E8-E9 -> 5673177786 | F10: =F8-F9 -> 5541378284 | G10: =G8-G9 -> 6115801250 | H10: =C10/C$6 -> 0.72741501 | I10: =D10/D$6 -> 0.71800926 | J10: =E10/E$6 -> 0.31235889 | K10: =F10/F$6 -> 0.39035012 | L10: =G10/G$6 -> 0.37768747
B11: GASTOS DE ADMINISTRACION | C11: 7762469014 | D11: 9254341177 | E11: 4690234293 | F11: 4468022799 | G11: 5721338018 | H11: =C11/C$6 -> 0.66471617 | I11: =D11/D$6 -> 0.66469402 | J11: =E11/E$6 -> 0.25823911 | K11: =F11/F$6 -> 0.31473997 | L11: =G11/G$6 -> 0.353327
B12: UTILIDAD OPERACIONAL | C12: =C10-C11 -> 732188818 | D12: =D10-D11 -> 742292551 | E12: =E10-E11 -> 982943493 | F12: =F10-F11 -> 1073355485 | G12: =G10-G11 -> 394463232 | H12: =C12/C$6 -> 0.062698833 | I12: =D12/D$6 -> 0.05331524 | J12: =E12/E$6 -> 0.054119781 | K12: =F12/F$6 -> 0.075610151 | L12: =G12/G$6 -> 0.024360474
B13: OTROS INGRESOS | C13: =197050826-109949368-500000+500000 -> 87101458 | D13: 182086655 | E13: 156130353 | F13: =448569868-75810570 -> 372759298 | G13: =309011613+28514376 -> 337525989 | H13: =C13/C$6 -> 0.0074586768 | I13: =D13/D$6 -> 0.013078393 | J13: =E13/E$6 -> 0.0085963645 | K13: =F13/F$6 -> 0.026258203 | L13: =G13/G$6 -> 0.020844258
B14: INGRESOS FINANCIEROS | C14: 109949368 | D14: 98981717 | E14: 95529740 | F14: 75810570 | G14: 57246659 | H14: =C14/C$6 -> 0.0094151903 | I14: =D14/D$6 -> 0.0071093722 | J14: =E14/E$6 -> 0.0052597618 | K14: =F14/F$6 -> 0.0053403077 | L14: =G14/G$6 -> 0.0035353251
B15: GASTOS FINANCIEROS | C15: 632245234 | D15: 638332036 | E15: 615387646 | F15: 366727292 | G15: 514683196 | H15: =C15/C$6 -> 0.054140459 | I15: =D15/D$6 -> 0.045848265 | J15: =E15/E$6 -> 0.033882563 | K15: =F15/F$6 -> 0.025833292 | L15: =G15/G$6 -> 0.031784779
B16: OTROS GASTOS | C16: 137798585 | D16: 176725576 | E16: 231349745 | F16: =(574957907-366727292) -> 208230615 | G16: =(128909724+76491780) -> 205401504 | H16: =C16/C$6 -> 0.011799976 | I16: =D16/D$6 -> 0.012693333 | J16: =E16/E$6 -> 0.012737861 | K16: =F16/F$6 -> 0.014668345 | L16: =G16/G$6 -> 0.012684777
B17: UTILIDAD ANTES DE IMPUESTOS | C17: =C12+C13+C14-C15-C16 -> 159195825 | D17: =D12+D13+D14-D15-D16 -> 208303311 | E17: =E12+E13+E14-E15-E16 -> 387866195 | F17: =F12+F13+F14-F15-F16 -> 946967446 | G17: =G12+G13+G14-G15-G16 -> 69151180 | H17: =C17/C$6 -> 0.013632266 | I17: =D17/D$6 -> 0.014961407 | J17: =E17/E$6 -> 0.021355484 | K17: =F17/F$6 -> 0.066707025 | L17: =G17/G$6 -> 0.0042705008
B18: Gasto por Impuesto Sobre laRenta | C18: 171775264 | D18: 131156575 | E18: 250784418 | F18: 397162535 | G18: 78700289 | H18: =C18/C$6 -> 0.014709469 | I18: =D18/D$6 -> 0.0094203347 | J18: =E18/E$6 -> 0.013807913 | K18: =F18/F$6 -> 0.027977235 | L18: =G18/G$6 -> 0.0048602157
B19: Gasto por Impuesto Diferido Sobre la Renta | C19: 0 | D19: 9278813 | E19: 1065677 | F19: 19387438 | G19: 4170280 | H19: =C19/C$6 -> 0 | I19: =D19/D$6 -> 0.00066645171 | J19: =E19/E$6 -> 5.8674997e-05 | K19: =F19/F$6 -> 0.0013657051 | L19: =G19/G$6 -> 0.00025753984
B20: RESULTADO DEL PERIODO | C20: =C17-C18-C19 -> -12579439 | D20: =D17-D18+D19 -> 86425549 | E20: =E17-E18-E19 -> 136016100 | F20: =F17-F18-F19 -> 530417473 | G20: =G17-G18-G19 -> -13719389 | H20: =C20/C$6 -> -0.0010772032 | I20: =D20/D$6 -> 0.0062075241 | J20: =E20/E$6 -> 0.007488896 | K20: =F20/F$6 -> 0.037364084 | L20: =G20/G$6 -> -0.00084725469

Sheet Proyecciones Estados Financiero
B2: VARIABLES MACRONECONOMICAS
C3: HISTORICAS | H3: PROYECTADAS
B4: AÑO | C4: 2017 | D4: 2018 | E4: 2019 | F4: 2020 | G4: 2021 | H4: 2022 | I4: 2023 | J4: 2024 | K4: 2025 | L4: 2026
B5: DTF EA | C5: 0.0686 | D5: 0.0529 | E5: 0.0456 | F5: 0.0449 | G5: 0.0193 | H5: =AVERAGE(E5:G5) -> 0.0366 | I5: =AVERAGE(F5:H5) -> 0.0336 | J5: =AVERAGE(G5:I5) -> 0.029833333 | K5: =AVERAGE(H5:J5) -> 0.033344444 | L5: =AVERAGE(I5:K5) -> 0.032259259 | M5: Pormedio Ultimos 3 años
B6: SPREAD DE TASA (COLOCACIÓN) | C6: 0.071014434 | D6: 0.060528585 | E6: 0.062848859 | F6: 0.059515534 | G6: 0.064006937 | H6: 0.06358287 | I6: 0.062096557 | J6: 0.062410151 | K6: 0.06232241 | L6: 0.062883785
B7: COSTO DEL DINERO, TASA DE COLOCACIÓN | C7: 0.14448602 | D7: 0.11663055 | E7: 0.11131477 | F7: 0.10708778 | G7: 0.084116668 | H7: 0.0890025 | I7: 0.092918599 | J7: 0.10067816 | K7: 0.10483655 | L7: 0.10967193
B8: INFLACION | C8: 0.0431 | D8: 0.0324 | E8: 0.0353 | F8: 0.0252 | G8: 0.035 | H8: 0.12 | I8: 0.07 | J8: 0.0379 | K8: 0.0379 | L8: 0.0379
B9: PIB | C9: 0.02 | D9: 0.018 | E9: 0.028 | F9: 0.033 | G9: -0.076 | H9: 0.107 | I9: 0.071 | J9: 0.021 | K9: 0.028 | L9: 0.032
B10: CRECIMIENTO POBLACIONAL | C10: 0.0153 | D10: 0.0154 | E10: 0.0137 | F10: 0.0108 | G10: 0.0075 | H10: ='Crecimiento Poblacional'!L8 -> 0.010969275 | I10: ='Crecimiento Poblacional'!L9 -> 0.010594566 | J10: ='Crecimiento Poblacional'!L10 -> 0.010261205 | K10: ='Crecimiento Poblacional'!L11 -> 0.0099665524 | L10: ='Crecimiento Poblacional'!L12 -> 0.009692898
B11: Crecimiento Nominal | C11: =(1+C8)*(1+C10)*(1+C9)-1 -> 0.080240619 | D11: =(1+D8)*(1+D10)*(1+D9)-1 -> 0.067168341 | E11: =(1+E8)*(1+E10)*(1+E9)-1 -> 0.078869151 | F11: =(1+F8)*(1+F10)*(1+F9)-1 -> 0.070469141 | G11: =(1+G8)*(1+G10)*(1+G9)-1 -> -0.03648745 | H11: =(1+H8)*(1+H9)-1 -> 0.23984 | I11: =(1+I8)*(1+I9)-1 -> 0.14597 | J11: =(1+J8)*(1+J9)-1 -> 0.0596959 | K11: =(1+K8)*(1+K9)-1 -> 0.0669612 | L11: =(1+L8)*(1+L9)-1 -> 0.0711128
B12: Crecimiento en ventas | D12: =((1+('Estado resultados'!D10/'Estado resultados'!C10)-1)+'Proyecciones Estados Financiero'!D8-1) -> 0.20921417 | E12: =((1+('Estado resultados'!E10/'Estado resultados'!D10)-1)+'Proyecciones Estados Financiero'!E8-1) -> -0.39719118 | F12: =((1+('Estado resultados'!F10/'Estado resultados'!E10)-1)+'Proyecciones Estados Financiero'!F8-1) -> 0.0019679585 | G12: =((1+('Estado resultados'!G10/'Estado resultados'!F10)-1)+'Proyecciones Estados Financiero'!G8-1) -> 0.13866067 | H12: =(1+H11)/(1+H8)-1 -> 0.107 | I12: =(1+I11)/(1+I8)-1 -> 0.071 | J12: =(1+J11)/(1+J8)-1 -> 0.021 | K12: =(1+K11)/(1+K8)-1 -> 0.028 | L12: =(1+L11)/(1+L8)-1 -> 0.032
B15: ='Situación Financiera'!B3 -> ACTIVOS
B16: ='Situación Financiera'!B4 -> AÑO | C16: ='Situación Financiera'!C4 -> 2017 | D16: ='Situación Financiera'!D4 -> 2018 | E16: ='Situación Financiera'!E4 -> 2019 | F16: ='Situación Financiera'!F4 -> 2020 | G16: ='Situación Financiera'!G4 -> 2021 | H16: 2022 | I16: 2023 | J16: 2024 | K16: 2025 | L16: 2026
B17: ='Situación Financiera'!B5 -> Efectivo y Equivalentes de Efectivo | C17: ='Situación Financiera'!C5 -> 154968628 | D17: ='Situación Financiera'!D5 -> 43688957 | E17: ='Situación Financiera'!E5 -> 88283543 | F17: ='Situación Financiera'!F5 -> 68971655 | G17: ='Situación Financiera'!G5 -> 1015572 | H17: 1.0905971e+09 | I17: 1.275674e+09 | J17: 1.4631297e+09 | K17: 1.5916955e+09 | L17: 1.7815072e+09
B18: ='Situación Financiera'!B6 -> Clientes y otras cuentas comerciales por cobrar | C18: ='Situación Financiera'!C6 -> 581219338 | D18: ='Situación Financiera'!D6 -> 402692804 | E18: ='Situación Financiera'!E6 -> 577633014 | F18: ='Situación Financiera'!F6 -> 452430357 | G18: ='Situación Financiera'!G6 -> 905410373 | H18: =AVERAGE(F18:G18) -> 678920365 | I18: =AVERAGE(G18:H18) -> 792165369 | J18: =AVERAGE(H18:I18) -> 735542867 | K18: =AVERAGE(I18:J18) -> 763854118 | L18: =AVERAGE(J18:K18) -> 7.4969849e+08 | M18: Promedio 2 año anterior
B19: ='Situación Financiera'!B7 -> Activos por Impuestos corrientes | C19: ='Situación Financiera'!C7 -> 187450360 | D19: ='Situación Financiera'!D7 -> 444942198 | E19: ='Situación Financiera'!E7 -> 556149913 | F19: ='Situación Financiera'!F7 -> 146026623 | G19: ='Situación Financiera'!G7 -> 240956500 | H19: =G19*(1+H$12) -> 2.6673885e+08 | I19: =H19*(1+I$12) -> 2.856773e+08 | J19: =I19*(1+J$12) -> 2.9167653e+08 | K19: =J19*(1+K$12) -> 2.9984347e+08 | L19: =K19*(1+L$12) -> 3.0943846e+08
B20: ='Situación Financiera'!B8 -> Impuesto Diferido Renta | C20: ='Situación Financiera'!C8 -> 1124410 | D20: ='Situación Financiera'!D8 -> 10403223 | E20: ='Situación Financiera'!E8 -> 9337546 | F20: ='Situación Financiera'!F8 -> 0 | G20: ='Situación Financiera'!G8 -> 0 | H20: =G20*(1+H$12) -> 0 | I20: =H20*(1+I$12) -> 0 | J20: =I20*(1+J$12) -> 0 | K20: =J20*(1+K$12) -> 0 | L20: =K20*(1+L$12) -> 0
B21: ='Situación Financiera'!B9 -> TOTAL ACTIVOS CORRIENTES | C21: =SUM(C17:C20) -> 924762736 | D21: =SUM(D17:D20) -> 901727182 | E21: =SUM(E17:E20) -> 1231404016 | F21: =SUM(F17:F20) -> 667428635 | G21: =SUM(G17:G20) -> 1147382445 | H21: =SUM(H17:H20) -> 2.0362563e+09 | I21: =SUM(I17:I20) -> 2.3535166e+09 | J21: =SUM(J17:J20) -> 2.4903491e+09 | ... L21: =SUM(L17:L20) -> 2.8406442e+09
B23: ='Situación Financiera'!B11 -> ACTIVOS NO CORRIENTES
B24: ='Situación Financiera'!B12 -> Propiedad Planta Y Equipo | C24: ='Situación Financiera'!C12 -> 15686654738 | D24: ='Situación Financiera'!D12 -> 16217918992 | E24: ='Situación Financiera'!E12 -> 16199920443 | F24: ='Situación Financiera'!F12 -> 16393861749 | G24: ='Situación Financiera'!G12 -> 16621721425 | H24: =G24*(1+H$12) -> 1.8400246e+10 | I24: =H24*(1+I$12) -> 1.9706663e+10 | J24: =I24*(1+J$12) -> 2.0120503e+10 | K24: =J24*(1+K$12) -> 2.0683877e+10 | L24: =K24*(1+L$12) -> 2.1345761e+10
B25: ='Situación Financiera'!B13 -> Intangibles | C25: ='Situación Financiera'!C13 -> 3408844641 | D25: ='Situación Financiera'!D13 -> 3439840140 | E25: ='Situación Financiera'!E13 -> 3426973651 | F25: ='Situación Financiera'!F13 -> 3449269336 | G25: ='Situación Financiera'!G13 -> 3442427942 | H25: =G25 -> 3442427942 | I25: =H25 -> 3442427942 | J25: =I25 -> 3442427942 | K25: =J25 -> 3442427942 | L25: =K25 -> 3442427942
B27: ='Situación Financiera'!B15 -> TOTAL ACTIVOS NO CORRIENTES | C27: =SUM(C23:C26) -> 19095499379 | D27: =SUM(D23:D26) -> 19657759132 | E27: =SUM(E23:E26) -> 19626894094 | F27: =SUM(F23:F26) -> 19843131085 | G27: =SUM(G23:G26) -> 20064149367 | H27: =SUM(H23:H26) -> 2.1842674e+10 | I27: =SUM(I23:I26) -> 2.3149091e+10 | J27: =SUM(J23:J26) -> 2.3562931e+10 | ... L27: =SUM(L23:L26) -> 2.4788189e+10
B29: ='Situación Financiera'!B17 -> TOTAL ACTIVOS | C29: =C27+C21 -> 20020262115 | D29: =D27+D21 -> 20559486314 | E29: =E27+E21 -> 20858298110 | F29: =F27+F21 -> 20510559720 | G29: =G27+G21 -> 21211531812 | H29: =H27+H21 -> 2.387893e+10 | I29: =I27+I21 -> 2.5502608e+10 | J29: =J27+J21 -> 2.605328e+10 | ... L29: =L27+L21 -> 2.7628833e+10
B32: ='Situación Financiera'!B20 -> PASIVOS
B33: ='Situación Financiera'!B21 -> AÑO | C33: ='Situación Financiera'!C21 -> 2017 | D33: ='Situación Financiera'!D21 -> 2018 | E33: ='Situación Financiera'!E21 -> 2019 | F33: ='Situación Financiera'!F21 -> 2020 | G33: ='Situación Financiera'!G21 -> 2021 | H33: 2022 | I33: 2023 | J33: 2024 | K33: 2025 | L33: 2026
B34: ='Situación Financiera'!B22 -> Préstamos Corto Plazo | C34: ='Situación Financiera'!C22 -> 0 | D34: ='Situación Financiera'!D22 -> 0 | E34: ='Situación Financiera'!E22 -> 300000000 | F34: ='Situación Financiera'!F22 -> 681291656 | G34: ='Situación Financiera'!G22 -> 522875165 | H34: =G34*(1+H$12) -> 5.7882281e+08 | I34: =H34*(1+I$12) -> 6.1991923e+08 | J34: =I34*(1+J$12) -> 6.3293753e+08 | K34: =J34*(1+K$12) -> 6.5065978e+08 | L34: =K34*(1+L$12) -> 6.7148089e+08
B35: ='Situación Financiera'!B23 -> Proveedores | C35: ='Situación Financiera'!C23 -> 0 | D35: ='Situación Financiera'!D23 -> 0 | E35: ='Situación Financiera'!E23 -> 0 | F35: ='Situación Financiera'!F23 -> 367514252 | G35: ='Situación Financiera'!G23 -> 598388103 | H35: =G35*(1+H$12) -> 6.6241563e+08 | I35: =H35*(1+I$12) -> 7.0944714e+08 | J35: =I35*(1+J$12) -> 7.2434553e+08 | K35: =J35*(1+K$12) -> 7.446272e+08 | L35: =K35*(1+L$12) -> 7.6845528e+08
B36: ='Situación Financiera'!B24 -> Cuentas Por Pagar | C36: ='Situación Financiera'!C24 -> 379797029 | D36: ='Situación Financiera'!D24 -> 462881103 | E36: ='Situación Financiera'!E24 -> 818168718 | F36: ='Situación Financiera'!F24 -> 198741700 | G36: ='Situación Financiera'!G24 -> 506149781 | H36: =G36*(1+H$12) -> 5.6030781e+08 | I36: =H36*(1+I$12) -> 6.0008966e+08 | J36: =I36*(1+J$12) -> 6.1269154e+08 | K36: =J36*(1+K$12) -> 6.2984691e+08 | L36: =K36*(1+L$12) -> 6.5000201e+08
B37: ='Situación Financiera'!B25 -> Impuestos Por Pagar | C37: ='Situación Financiera'!C25 -> 133036821 | D37: ='Situación Financiera'!D25 -> 289514417 | E37: ='Situación Financiera'!E25 -> 471703018 | F37: ='Situación Financiera'!F25 -> 254286286 | G37: ='Situación Financiera'!G25 -> 207739200 | H37: =G37*(1+H$12) -> 2.2996729e+08 | I37: =H37*(1+I$12) -> 2.4629497e+08 | J37: =I37*(1+J$12) -> 2.5146717e+08 | K37: =J37*(1+K$12) -> 2.5850825e+08 | L37: =K37*(1+L$12) -> 2.6678051e+08
B38: ='Situación Financiera'!B26 -> Beneficios A Empleados | C38: ='Situación Financiera'!C26 -> 338874397 | D38: ='Situación Financiera'!D26 -> 424880926 | E38: ='Situación Financiera'!E26 -> 465038033 | F38: ='Situación Financiera'!F26 -> 454079916 | G38: ='Situación Financiera'!G26 -> 595527132 | H38: =G38*(1+H$12) -> 6.5924854e+08 | I38: =H38*(1+I$12) -> 7.0605518e+08 | J38: =I38*(1+J$12) -> 7.2088234e+08 | K38: =J38*(1+K$12) -> 7.4106705e+08 | L38: =K38*(1+L$12) -> 7.6478119e+08
B39: ='Situación Financiera'!B27 -> TOTAL PASIVOS CORRIENTES | C39: =SUM(C34:C38) -> 851708247 | D39: =SUM(D34:D38) -> 1177276446 | E39: =SUM(E34:E38) -> 2054909769 | F39: =SUM(F34:F38) -> 1955913810 | G39: =SUM(G34:G38) -> 2430679381 | H39: =SUM(H34:H38) -> 2.6907621e+09 | I39: =SUM(I33:I38) -> 2.8818082e+09 | J39: =SUM(J33:J38) -> 2.9423261e+09 | K39: =SUM(K33:K38) -> 3.0247112e+09 | L39: =SUM(L33:L38) -> 3.1215019e+09
B41: ='Situación Financiera'!B29 -> PASIVOS NO CORRIENTES
B42: ='Situación Financiera'!B30 -> Préstamos Largo Plazo | C42: ='Situación Financiera'!C30 -> 3006370494 | D42: ='Situación Financiera'!D30 -> 2992927779 | E42: ='Situación Financiera'!E30 -> 2587635103 | F42: ='Situación Financiera'!F30 -> 2767874701 | G42: ='Situación Financiera'!G30 -> 3015176623 | H42: =G42*(1+H$12) -> 3.3378005e+09 | I42: =H42*(1+I$12) -> 3.5747844e+09 | J42: =I42*(1+J$12) -> 3.6498548e+09 | K42: =J42*(1+K$12) -> 3.7520508e+09 | L42: =K42*(1+L$12) -> 3.8721164e+09
B43: ='Situación Financiera'!B31 -> Pasivo Por Impuesto Diferido | C43: ='Situación Financiera'!C31 -> 0 | D43: ='Situación Financiera'!D31 -> 0 | E43: ='Situación Financiera'!E31 -> 0 | F43: ='Situación Financiera'!F31 -> 10049892 | G43: ='Situación Financiera'!G31 -> 14220172 | H43: 0 | I43: =H82*35% -> 19030981 | J43: =I82*35% -> 20382181 | K43: =J82*35% -> 20810206 | L43: =K82*35% -> 21392892
B44: ='Situación Financiera'!B32 -> Otros Pasivos | C44: ='Situación Financiera'!C32 -> 2335627040 | D44: ='Situación Financiera'!D32 -> 2488561660 | E44: ='Situación Financiera'!E32 -> 2179016709 | F44: ='Situación Financiera'!F32 -> 1209567315 | G44: ='Situación Financiera'!G32 -> 1198021023 | H44: =G44*(1+H$12) -> 1.3262093e+09 | I44: =H44*(1+I$12) -> 1.4203701e+09 | J44: =I44*(1+J$12) -> 1.4501979e+09 | K44: =J44*(1+K$12) -> 1.4908034e+09 | L44: =K44*(1+L$12) -> 1.5385092e+09
B45: ='Situación Financiera'!B33 -> TOTAL PASIVOS NO CORRIENTES | C45: ='Situación Financiera'!C33 -> 5341997534 | D45: ='Situación Financiera'!D33 -> 5481489439 | E45: ='Situación Financiera'!E33 -> 4766651812 | F45: ='Situación Financiera'!F33 -> 3987491908 | G45: ='Situación Financiera'!G33 -> 4227417818 | H45: =SUM(H42:H44) -> 4.6640098e+09 | I45: =SUM(I42:I44) -> 5.0141855e+09 | J45: =SUM(J42:J44) -> 5.1204349e+09 | K45: =SUM(K42:K44) -> 5.2636644e+09 | L45: =SUM(L42:L44) -> 5.4320184e+09
B47: ='Situación Financiera'!B35 -> TOTAL PASIVOS | C47: =C45+C39 -> 6193705781 | D47: =D45+D39 -> 6658765885 | E47: =E45+E39 -> 6821561581 | F47: =F45+F39 -> 5943405718 | G47: =G45+G39 -> 6658097199 | H47: =H45+H39 -> 7.3547719e+09 | I47: =I45+I39 -> 7.8959937e+09 | J47: =J45+J39 -> 8.0627611e+09 | ... L47: =L45+L39 -> 8.5535203e+09
B49: ='Situación Financiera'!B37 -> PATRIMONIO
B50: ='Situación Financiera'!B38 -> AÑO | C50: ='Situación Financiera'!C38 -> 2017 | D50: ='Situación Financiera'!D38 -> 2018 | E50: ='Situación Financiera'!E38 -> 2019 | F50: ='Situación Financiera'!F38 -> 2020 | G50: ='Situación Financiera'!G38 -> 2021 | H50: 2022 | I50: 2023 | J50: 2024 | K50: 2025 | L50: 2026
B51: ='Situación Financiera'!B39 -> Capital Suscrito y Pagado | C51: ='Situación Financiera'!C39 -> 1044000000 | D51: ='Situación Financiera'!D39 -> 1044000000 | E51: ='Situación Financiera'!E39 -> 1044000000 | F51: ='Situación Financiera'!F39 -> 1044000000 | G51: ='Situación Financiera'!G39 -> 1044000000 | H51: =G51 -> 1044000000 | I51: =H51 -> 1044000000 | J51: =I51 -> 1044000000 | K51: =J51 -> 1044000000 | L51: =K51 -> 1044000000
B52: ='Situación Financiera'!B40 -> Reserva Legal | C52: ='Situación Financiera'!C40 -> 49085878 | D52: ='Situación Financiera'!D40 -> 49085878 | E52: ='Situación Financiera'!E40 -> 49085878 | F52: ='Situación Financiera'!F40 -> 49085878 | H52: =H51*50% -> 522000000 | I52: =I51*50% -> 522000000 | J52: =J51*50% -> 522000000 | K52: =K51*50% -> 522000000 | L52: =L51*50% -> 522000000 | M52: 50% del Capital suscrito
B53: ='Situación Financiera'!B41 -> Reservas Ocasionales | C53: ='Situación Financiera'!C41 -> 367028046 | D53: ='Situación Financiera'!D41 -> 367028046 | E53: ='Situación Financiera'!E41 -> 367028046 | F53: ='Situación Financiera'!F41 -> 367028046 | G53: ='Situación Financiera'!G41 -> 491853352 | H53: =G53 -> 491853352 | I53: =H53 -> 491853352 | J53: =I53 -> 491853352 | K53: =J53 -> 491853352 | L53: =K53 -> 491853352
B54: ='Situación Financiera'!B42 -> Utilidad Y/O Pérdida del Ejercicio | C54: ='Situación Financiera'!C42 -> -12579439 | D54: ='Situación Financiera'!D42 -> 86425549 | E54: ='Situación Financiera'!E42 -> 136016100 | F54: ='Situación Financiera'!F42 -> 530417473 | G54: ='Situación Financiera'!G42 -> -13719389 | H54: =H82 -> 54374232 | I54: =I82 -> 58234802 | J54: =J82 -> 59457733 | K54: =K82 -> 61122549 | L54: =L82 -> 63078471
B55: ='Situación Financiera'!B43 -> Utilidades / Pérdidas Acumuladas | C55: ='Situación Financiera'!C43 -> -664540256 | D55: ='Situación Financiera'!D43 -> -677119695 | E55: ='Situación Financiera'!E43 -> -590694146 | F55: ='Situación Financiera'!F43 -> -454678046 | H55: =G55+G54 -> -13719389 | I55: =H55+H54 -> 40654843 | J55: =I55+I54 -> 98889644 | K55: =J55+J54 -> 1.5834738e+08 | L55: =K55+K54 -> 2.1946993e+08
B56: ='Situación Financiera'!B44 -> Utilidades acumuladas por operaciones NIIF | C56: ='Situación Financiera'!C44 -> 13043562105 | D56: ='Situación Financiera'!D44 -> 13031300650 | E56: ='Situación Financiera'!E44 -> 13031300650 | F56: ='Situación Financiera'!F44 -> 13031300650 | G56: ='Situación Financiera'!G44 -> 13031300650 | H56: =G56*(1+H12) -> 1.442565e+10 | I56: =H56*(1+I12) -> 1.5449871e+10 | J56: =I56*(1+J12) -> 1.5774318e+10 | K56: =J56*(1+K12) -> 1.6215999e+10 | L56: =K56*(1+L12) -> 1.6734911e+10
B57: ='Situación Financiera'!B45 -> TOTAL PATRIMONIO | C57: =SUM(C51:C56) -> 13826556334 | D57: =SUM(D51:D56) -> 13900720428 | E57: =SUM(E51:E56) -> 14036736528 | F57: =SUM(F51:F56) -> 14567154001 | G57: =SUM(G51:G56) -> 14553434613 | H57: =SUM(H51:H56) -> 1.6524158e+10 | I57: =SUM(I51:I56) -> 1.7606614e+10 | J57: =SUM(J51:J56) -> 1.7990519e+10 | ... L57: =SUM(L51:L56) -> 1.9075313e+10
B59: ='Situación Financiera'!B47 -> TOTAL PASIVO + PATRIMONIO | C59: =C57+C47 -> 20020262115 | D59: =D57+D47 -> 20559486313 | E59: =E57+E47 -> 20858298109 | F59: =F57+F47 -> 20510559719 | G59: =G57+G47 -> 21211531812 | H59: =H57+H47 -> 2.387893e+10 | I59: =I57+I47 -> 2.5502608e+10 | J59: =J57+J47 -> 2.605328e+10 | ... L59: =L57+L47 -> 2.7628833e+10
B60: Revision | C60: =C59-C29 -> 0 | D60: =D59-D29 -> -1 | E60: =E59-E29 -> -1 | F60: =F59-F29 -> -1 | G60: =G59-G29 -> 0 | H60: =H29-H59 -> 0 | I60: =I29-I59 -> 0 | J60: =J29-J59 -> 0 | K60: =K29-K59 -> 0 | L60: =L29-L59 -> 0
B62: Detalles de Depreciación y Amortización | C62: 2017 | D62: 2018 | E62: 2019 | F62: 2020 | G62: 2021
B63: Depreciaciones | C63: 172454112 | D63: 271645297 | E63: 196588192 | F63: 199060704 | G63: 217471629 | H63: =AVERAGE(E63:G63) -> 2.0437351e+08 | I63: =AVERAGE(F63:H63) -> 2.0696861e+08 | J63: =AVERAGE(G63:I63) -> 2.0960458e+08 | K63: =AVERAGE(H63:J63) -> 2.0698224e+08 | L63: =AVERAGE(I63:K63) -> 2.0785181e+08
B64: Amortizaciones | C64: 0 | D64: 138553887 | E64: 177021270 | F64: 122753607 | G64: 148636088 | H64: =AVERAGE(E64:G64) -> 1.4947032e+08 | I64: =AVERAGE(F64:H64) -> 1.4028667e+08 | J64: =AVERAGE(G64:I64) -> 1.4613103e+08 | K64: =AVERAGE(H64:J64) -> 1.4529601e+08 | L64: =AVERAGE(I64:K64) -> 1.4390457e+08
B67: ='Estado resultados'!B5 -> INGRESOS POR SERVICIOS | C67: 2017 | D67: 2018 | E67: 2019 | F67: 2020 | G67: 2021 | H67: 2022 | I67: 2023 | J67: 2024 | K67: 2025 | L67: 2026
B68: ='Estado resultados'!B6 -> INGRESOS BRUTOS OPERACIONALES | C68: ='Estado resultados'!C6 -> 11677869922 | D68: ='Estado resultados'!D6 -> 13922708568 | E68: ='Estado resultados'!E6 -> 18162369966 | F68: ='Estado resultados'!F6 -> 14195917839 | G68: ='Estado resultados'!G6 -> 16192756548 | H68: =G68*(1+H$12) -> 1.7925381e+10 | I68: =H68*(1+I$12) -> 1.9198084e+10 | J68: =I68*(1+J$12) -> 1.9601243e+10 | K68: =J68*(1+K$12) -> 2.0150078e+10 | L68: =K68*(1+L$12) -> 2.0794881e+10
B69: ='Estado resultados'!B7 -> DEVOLUCIONES Y DESCUENTOS EN SERVICIOS | C69: ='Estado resultados'!C7 -> 495946942 | D69: ='Estado resultados'!D7 -> 505537124 | E69: ='Estado resultados'!E7 -> 741621727 | F69: ='Estado resultados'!F7 -> 1597379970 | G69: ='Estado resultados'!G7 -> 809190070 | H69: =G69*(1+H$12) -> 8.9577341e+08 | I69: =H69*(1+I$12) -> 9.5937332e+08 | J69: =I69*(1+J$12) -> 9.7952016e+08 | K69: =J69*(1+K$12) -> 1.0069467e+09 | L69: =K69*(1+L$12) -> 1.039169e+09
B70: ='Estado resultados'!B8 -> INGRESOS NETOS | C70: ='Estado resultados'!C8 -> 11181922980 | D70: ='Estado resultados'!D8 -> 13417171444 | E70: ='Estado resultados'!E8 -> 17420748239 | F70: ='Estado resultados'!F8 -> 12598537869 | G70: ='Estado resultados'!G8 -> 15383566478 | H70: =H68-H69 -> 1.7029608e+10 | I70: =I68-I69 -> 1.823871e+10 | J70: =J68-J69 -> 1.8621723e+10 | K70: =K68-K69 -> 1.9143131e+10 | L70: =L68-L69 -> 1.9755712e+10
B71: ='Estado resultados'!B9 -> COSTO DE VENTAS | C71: ='Estado resultados'!C9 -> 2687265148 | D71: ='Estado resultados'!D9 -> 3420537716 | E71: ='Estado resultados'!E9 -> 11747570453 | F71: ='Estado resultados'!F9 -> 7057159585 | G71: ='Estado resultados'!G9 -> 9267765228 | H71: =G71*(1+H$12) -> 1.0259416e+10 | I71: =H71*(1+I$12) -> 1.0987835e+10 | J71: =I71*(1+J$12) -> 1.1218579e+10 | K71: =J71*(1+K$12) -> 1.1532699e+10 | L71: =K71*(1+L$12) -> 1.1901746e+10
B72: ='Estado resultados'!B10 -> UTILIDAD BRUTA | C72: ='Estado resultados'!C10 -> 8494657832 | D72: ='Estado resultados'!D10 -> 9996633728 | E72: ='Estado resultados'!E10 -> 5673177786 | F72: ='Estado resultados'!F10 -> 5541378284 | G72: ='Estado resultados'!G10 -> 6115801250 | H72: =H70-H71 -> 6.770192e+09 | I72: =I70-I71 -> 7.2508756e+09 | J72: =J70-J71 -> 7.403144e+09 | K72: =K70-K71 -> 7.610432e+09 | L72: =L70-L71 -> 7.8539659e+09
B73: ='Estado resultados'!B11 -> GASTOS DE ADMINISTRACION | C73: ='Estado resultados'!C11 -> 7762469014 | D73: ='Estado resultados'!D11 -> 9254341177 | E73: ='Estado resultados'!E11 -> 4690234293 | F73: ='Estado resultados'!F11 -> 4468022799 | G73: ='Estado resultados'!G11 -> 5721338018 | H73: =G73*(1+H$12) -> 6.3335212e+09 | I73: =H73*(1+I$12) -> 6.7832012e+09 | J73: =I73*(1+J$12) -> 6.9256484e+09 | K73: =J73*(1+K$12) -> 7.1195666e+09 | L73: =K73*(1+L$12) -> 7.3473927e+09
B74: ='Estado resultados'!B12 -> UTILIDAD OPERACIONAL | C74: ='Estado resultados'!C12 -> 732188818 | D74: ='Estado resultados'!D12 -> 742292551 | E74: ='Estado resultados'!E12 -> 982943493 | F74: ='Estado resultados'!F12 -> 1073355485 | G74: ='Estado resultados'!G12 -> 394463232 | H74: =H72-H73 -> 4.366708e+08 | I74: =I72-I73 -> 4.6767442e+08 | J74: =J72-J73 -> 4.7749559e+08 | K74: =K72-K73 -> 4.9086546e+08 | L74: =L72-L73 -> 5.0657316e+08
B75: ='Estado resultados'!B13 -> OTROS INGRESOS | C75: ='Estado resultados'!C13 -> 87101458 | D75: ='Estado resultados'!D13 -> 182086655 | E75: ='Estado resultados'!E13 -> 156130353 | F75: ='Estado resultados'!F13 -> 372759298 | G75: ='Estado resultados'!G13 -> 337525989 | H75: =G75*(1+H$12) -> 3.7364127e+08 | I75: =H75*(1+I$12) -> 4.001698e+08 | J75: =I75*(1+J$12) -> 4.0857337e+08 | K75: =J75*(1+K$12) -> 4.2001342e+08 | L75: =K75*(1+L$12) -> 4.3345385e+08
B76: ='Estado resultados'!B14 -> INGRESOS FINANCIEROS | C76: ='Estado resultados'!C14 -> 109949368 | D76: ='Estado resultados'!D14 -> 98981717 | E76: ='Estado resultados'!E14 -> 95529740 | F76: ='Estado resultados'!F14 -> 75810570 | G76: ='Estado resultados'!G14 -> 57246659 | H76: =G76*(1+H$12) -> 63372052 | I76: =H76*(1+I$12) -> 67871467 | J76: =I76*(1+J$12) -> 69296768 | K76: =J76*(1+K$12) -> 71237077 | L76: =K76*(1+L$12) -> 73516664
B77: ='Estado resultados'!B15 -> GASTOS FINANCIEROS | C77: ='Estado resultados'!C15 -> 632245234 | D77: ='Estado resultados'!D15 -> 638332036 | E77: ='Estado resultados'!E15 -> 615387646 | F77: ='Estado resultados'!F15 -> 366727292 | G77: ='Estado resultados'!G15 -> 514683196 | H77: =G77*(1+H$12) -> 5.697543e+08 | I77: =H77*(1+I$12) -> 6.1020685e+08 | J77: =I77*(1+J$12) -> 6.230212e+08 | K77: =J77*(1+K$12) -> 6.4046579e+08 | L77: =K77*(1+L$12) -> 6.609607e+08
B78: ='Estado resultados'!B16 -> OTROS GASTOS | C78: ='Estado resultados'!C16 -> 137798585 | D78: ='Estado resultados'!D16 -> 176725576 | E78: ='Estado resultados'!E16 -> 231349745 | F78: ='Estado resultados'!F16 -> 208230615 | G78: ='Estado resultados'!G16 -> 205401504 | H78: =G78*(1+H$12) -> 2.2737946e+08 | I78: =H78*(1+I$12) -> 2.4352341e+08 | J78: =I78*(1+J$12) -> 2.486374e+08 | K78: =J78*(1+K$12) -> 2.5559925e+08 | L78: =K78*(1+L$12) -> 2.6377842e+08
B79: ='Estado resultados'!B17 -> UTILIDAD ANTES DE IMPUESTOS | C79: ='Estado resultados'!C17 -> 159195825 | D79: ='Estado resultados'!D17 -> 208303311 | E79: ='Estado resultados'!E17 -> 387866195 | F79: ='Estado resultados'!F17 -> 946967446 | G79: ='Estado resultados'!G17 -> 69151180 | H79: =H74+H75+H76-H77-H78 -> 76550356 | I79: =I74+I75+I76-I77-I78 -> 81985432 | J79: =J74+J75+J76-J77-J78 -> 83707126 | K79: =K74+K75+K76-K77-K78 -> 86050925 | L79: =L74+L75+L76-L77-L78 -> 88804555
B80: ='Estado resultados'!B18 -> Gasto por Impuesto Sobre laRenta | C80: ='Estado resultados'!C18 -> 171775264 | D80: ='Estado resultados'!D18 -> 131156575 | E80: ='Estado resultados'!E18 -> 250784418 | F80: ='Estado resultados'!F18 -> 397162535 | G80: ='Estado resultados'!G18 -> 78700289 | H80: =H79*35% -> 26792625 | I80: =I79*35% -> 28694901 | J80: =J79*35% -> 29297494 | K80: =K79*35% -> 30117824 | L80: =L79*35% -> 31081594
B81: ='Estado resultados'!B19 -> Gasto por Impuesto Diferido Sobre la Renta | C81: ='Estado resultados'!C19 -> 0 | D81: ='Estado resultados'!D19 -> 9278813 | E81: ='Estado resultados'!E19 -> 1065677 | F81: ='Estado resultados'!F19 -> 19387438 | G81: ='Estado resultados'!G19 -> 4170280 | H81: =G81*(1+H$12) -> 4616500 | I81: =H81*(1+I$12) -> 4944271.5 | J81: =I81*(1+J$12) -> 5048101.2 | K81: =J81*(1+K$12) -> 5189448 | L81: =K81*(1+L$12) -> 5355510.3
B82: UTLIDAD NETA | C82: ='Estado resultados'!C20 -> -12579439 | D82: ='Estado resultados'!D20 -> 86425549 | E82: ='Estado resultados'!E20 -> 136016100 | F82: ='Estado resultados'!F20 -> 530417473 | G82: ='Estado resultados'!G20 -> -13719389 | H82: =H79-H80+H81 -> 54374232 | I82: =I79-I80+I81 -> 58234802 | J82: =J79-J80+J81 -> 59457733 | K82: =K79-K80+K81 -> 61122549 | L82: =L79-L80+L81 -> 63078471

Sheet Indicadores Financieros
B1: RAZONES FINANCIERAS
B3: Liquidez | C3: 2017 | D3: 2018 | E3: 2019 | F3: 2020 | G3: 2021 | H3: 2022 | I3: 2023 | J3: 2024 | K3: 2025 | L3: 2026
B4: Razon Corriente | C4: ='Proyecciones Estados Financiero'!C21/'Proyecciones Estados Financiero'!C39 -> 1.0857741 | D4: ='Proyecciones Estados Financiero'!D21/'Proyecciones Estados Financiero'!D39 -> 0.76594345 | E4: ='Proyecciones Estados Financiero'!E21/'Proyecciones Estados Financiero'!E39 -> 0.59924968 | F4: ='Proyecciones Estados Financiero'!F21/'Proyecciones Estados Financiero'!F39 -> 0.34123622 | G4: ='Proyecciones Estados Financiero'!G21/'Proyecciones Estados Financiero'!G39 -> 0.47204187 | H4: ='Proyecciones Estados Financiero'!H21/'Proyecciones Estados Financiero'!H39 -> 0.75675822 | I4: ='Proyecciones Estados Financiero'!I21/'Proyecciones Estados Financiero'!I39 -> 0.81668052 | J4: ='Proyecciones Estados Financiero'!J21/'Proyecciones Estados Financiero'!J39 -> 0.84638785 | ... L4: ='Proyecciones Estados Financiero'!L21/'Proyecciones Estados Financiero'!L39 -> 0.9100248
B5: Solvencia | C5: ='Proyecciones Estados Financiero'!C29/'Proyecciones Estados Financiero'!C47 -> 3.232356 | D5: ='Proyecciones Estados Financiero'!D29/'Proyecciones Estados Financiero'!D47 -> 3.0875821 | E5: ='Proyecciones Estados Financiero'!E29/'Proyecciones Estados Financiero'!E47 -> 3.0577014 | F5: ='Proyecciones Estados Financiero'!F29/'Proyecciones Estados Financiero'!F47 -> 3.4509776 | G5: ='Proyecciones Estados Financiero'!G29/'Proyecciones Estados Financiero'!G47 -> 3.1858249 | H5: ='Proyecciones Estados Financiero'!H29/'Proyecciones Estados Financiero'!H47 -> 3.2467261 | I5: ='Proyecciones Estados Financiero'!I29/'Proyecciones Estados Financiero'!I47 -> 3.2298161 | J5: ='Proyecciones Estados Financiero'!J29/'Proyecciones Estados Financiero'!J47 -> 3.23131 | ... L5: ='Proyecciones Estados Financiero'!L29/'Proyecciones Estados Financiero'!L47 -> 3.2301125
B6: Capital de Trabajo | C6: ='Proyecciones Estados Financiero'!C21-'Proyecciones Estados Financiero'!C39 -> 73054489 | D6: ='Proyecciones Estados Financiero'!D21-'Proyecciones Estados Financiero'!D39 -> -275549264 | E6: ='Proyecciones Estados Financiero'!E21-'Proyecciones Estados Financiero'!E39 -> -823505753 | F6: ='Proyecciones Estados Financiero'!F21-'Proyecciones Estados Financiero'!F39 -> -1288485175 | G6: ='Proyecciones Estados Financiero'!G21-'Proyecciones Estados Financiero'!G39 -> -1283296936 | H6: ='Proyecciones Estados Financiero'!H21-'Proyecciones Estados Financiero'!H39 -> -6.5450575e+08 | I6: ='Proyecciones Estados Financiero'!I21-'Proyecciones Estados Financiero'!I39 -> -5.2829157e+08 | J6: ='Proyecciones Estados Financiero'!J21-'Proyecciones Estados Financiero'!J39 -> -4.5197703e+08 | ... L6: ='Proyecciones Estados Financiero'!L21-'Proyecciones Estados Financiero'!L39 -> -2.8085775e+08
B8: Endeudamiento | C8: 2017 | D8: 2018 | E8: 2019 | F8: 2020 | G8: 2021 | H8: 2022 | I8: 2023 | J8: 2024 | K8: 2025 | L8: 2026
B9: Nivel de Endeudamiento | C9: ='Proyecciones Estados Financiero'!C47/'Proyecciones Estados Financiero'!C29 -> 0.30937186 | D9: ='Proyecciones Estados Financiero'!D47/'Proyecciones Estados Financiero'!D29 -> 0.32387803 | E9: ='Proyecciones Estados Financiero'!E47/'Proyecciones Estados Financiero'!E29 -> 0.32704306 | F9: ='Proyecciones Estados Financiero'!F47/'Proyecciones Estados Financiero'!F29 -> 0.28977297 | G9: ='Proyecciones Estados Financiero'!G47/'Proyecciones Estados Financiero'!G29 -> 0.31389045 | H9: ='Proyecciones Estados Financiero'!H47/'Proyecciones Estados Financiero'!H29 -> 0.30800257 | I9: ='Proyecciones Estados Financiero'!I47/'Proyecciones Estados Financiero'!I29 -> 0.30961515 | J9: ='Proyecciones Estados Financiero'!J47/'Proyecciones Estados Financiero'!J29 -> 0.30947201 | ... L9: ='Proyecciones Estados Financiero'!L47/'Proyecciones Estados Financiero'!L29 -> 0.30958674
B10: Concentracion de Endeudamiento a Corto Plazo | C10: ='Proyecciones Estados Financiero'!C39/'Proyecciones Estados Financiero'!C47 -> 0.1375119 | D10: ='Proyecciones Estados Financiero'!D39/'Proyecciones Estados Financiero'!D47 -> 0.176801 | E10: ='Proyecciones Estados Financiero'!E39/'Proyecciones Estados Financiero'!E47 -> 0.30123744 | F10: ='Proyecciones Estados Financiero'!F39/'Proyecciones Estados Financiero'!F47 -> 0.32908973 | G10: ='Proyecciones Estados Financiero'!G39/'Proyecciones Estados Financiero'!G47 -> 0.36507118 | H10: ='Proyecciones Estados Financiero'!H39/'Proyecciones Estados Financiero'!H47 -> 0.36585255 | I10: ='Proyecciones Estados Financiero'!I39/'Proyecciones Estados Financiero'!I47 -> 0.36497094 | J10: ='Proyecciones Estados Financiero'!J39/'Proyecciones Estados Financiero'!J47 -> 0.36492786 | ... L10: ='Proyecciones Estados Financiero'!L39/'Proyecciones Estados Financiero'!L47 -> 0.36493768
B11: Concentracion de Endeudamiento a Largo Plazo | C11: ='Proyecciones Estados Financiero'!C45/'Proyecciones Estados Financiero'!C47 -> 0.8624881 | D11: ='Proyecciones Estados Financiero'!D45/'Proyecciones Estados Financiero'!D47 -> 0.823199 | E11: ='Proyecciones Estados Financiero'!E45/'Proyecciones Estados Financiero'!E47 -> 0.69876256 | F11: ='Proyecciones Estados Financiero'!F45/'Proyecciones Estados Financiero'!F47 -> 0.67091027 | G11: ='Proyecciones Estados Financiero'!G45/'Proyecciones Estados Financiero'!G47 -> 0.63492882 | H11: ='Proyecciones Estados Financiero'!H45/'Proyecciones Estados Financiero'!H47 -> 0.63414745 | I11: ='Proyecciones Estados Financiero'!I45/'Proyecciones Estados Financiero'!I47 -> 0.63502906 | J11: ='Proyecciones Estados Financiero'!J45/'Proyecciones Estados Financiero'!J47 -> 0.63507214 | ... L11: ='Proyecciones Estados Financiero'!L45/'Proyecciones Estados Financiero'!L47 -> 0.63506232
B13: Actividad | C13: 2017 | D13: 2018 | E13: 2019 | F13: 2020 | G13: 2021 | H13: 2022 | I13: 2023 | J13: 2024 | K13: 2025 | L13: 2026
B14: Rotacion del Patrimonio | C14: ='Proyecciones Estados Financiero'!C68/'Proyecciones Estados Financiero'!C57 -> 0.84459714 | D14: ='Proyecciones Estados Financiero'!D68/'Proyecciones Estados Financiero'!D57 -> 1.0015818 | E14: ='Proyecciones Estados Financiero'!E68/'Proyecciones Estados Financiero'!E57 -> 1.2939169 | F14: ='Proyecciones Estados Financiero'!F68/'Proyecciones Estados Financiero'!F57 -> 0.97451553 | G14: ='Proyecciones Estados Financiero'!G68/'Proyecciones Estados Financiero'!G57 -> 1.1126416 | H14: ='Proyecciones Estados Financiero'!H68/'Proyecciones Estados Financiero'!H57 -> 1.0847985 | I14: ='Proyecciones Estados Financiero'!I68/'Proyecciones Estados Financiero'!I57 -> 1.0903904 | J14: ='Proyecciones Estados Financiero'!J68/'Proyecciones Estados Financiero'!J57 -> 1.0895318 | ... L14: ='Proyecciones Estados Financiero'!L68/'Proyecciones Estados Financiero'!L57 -> 1.0901462
B15: Rotacion del Activo | C15: ='Proyecciones Estados Financiero'!C68/'Proyecciones Estados Financiero'!C29 -> 0.58330255 | D15: ='Proyecciones Estados Financiero'!D68/'Proyecciones Estados Financiero'!D29 -> 0.67719146 | E15: ='Proyecciones Estados Financiero'!E68/'Proyecciones Estados Financiero'!E29 -> 0.87075033 | F15: ='Proyecciones Estados Financiero'!F68/'Proyecciones Estados Financiero'!F29 -> 0.69212728 | G15: ='Proyecciones Estados Financiero'!G68/'Proyecciones Estados Financiero'!G29 -> 0.76339402 | H15: ='Proyecciones Estados Financiero'!H68/'Proyecciones Estados Financiero'!H29 -> 0.75067776 | I15: ='Proyecciones Estados Financiero'!I68/'Proyecciones Estados Financiero'!I29 -> 0.75278904 | J15: ='Proyecciones Estados Financiero'!J68/'Proyecciones Estados Financiero'!J29 -> 0.75235223 | ... L15: ='Proyecciones Estados Financiero'!L68/'Proyecciones Estados Financiero'!L29 -> 0.75265142
B16: Rotacion de Cartera | C16: ='Proyecciones Estados Financiero'!C68/'Proyecciones Estados Financiero'!C18 -> 20.092019 | D16: ='Proyecciones Estados Financiero'!D68/'Proyecciones Estados Financiero'!D18 -> 34.574019 | E16: ='Proyecciones Estados Financiero'!E68/'Proyecciones Estados Financiero'!E18 -> 31.442749 | F16: ='Proyecciones Estados Financiero'!F68/'Proyecciones Estados Financiero'!F18 -> 31.377023 | G16: ='Proyecciones Estados Financiero'!G68/'Proyecciones Estados Financiero'!G18 -> 17.884439 | H16: ='Proyecciones Estados Financiero'!H68/'Proyecciones Estados Financiero'!H18 -> 26.402775 | I16: ='Proyecciones Estados Financiero'!I68/'Proyecciones Estados Financiero'!I18 -> 24.234944 | J16: ='Proyecciones Estados Financiero'!J68/'Proyecciones Estados Financiero'!J18 -> 26.648676 | ... L16: ='Proyecciones Estados Financiero'!L68/'Proyecciones Estados Financiero'!L18 -> 27.737658
B17: Periodo de Cobro | C17: =('Proyecciones Estados Financiero'!C18/'Proyecciones Estados Financiero'!C68)*365 -> 18.166417 | D17: =('Proyecciones Estados Financiero'!D18/'Proyecciones Estados Financiero'!D68)*365 -> 10.55706 | E17: =('Proyecciones Estados Financiero'!E18/'Proyecciones Estados Financiero'!E68)*365 -> 11.6084 | F17: =('Proyecciones Estados Financiero'!F18/'Proyecciones Estados Financiero'!F68)*365 -> 11.632716 | G17: =('Proyecciones Estados Financiero'!G18/'Proyecciones Estados Financiero'!G68)*365 -> 20.408803 | H17: =('Proyecciones Estados Financiero'!H18/'Proyecciones Estados Financiero'!H68)*365 -> 13.824305 | I17: =('Proyecciones Estados Financiero'!I18/'Proyecciones Estados Financiero'!I68)*365 -> 15.060897 | J17: =('Proyecciones Estados Financiero'!J18/'Proyecciones Estados Financiero'!J68)*365 -> 13.696741 | ... L17: =('Proyecciones Estados Financiero'!L18/'Proyecciones Estados Financiero'!L68)*365 -> 13.159006
B18: Periodo de Pago a Proveedores | C18: =(('Proyecciones Estados Financiero'!C36+'Proyecciones Estados Financiero'!C35)/'Proyecciones Estados Financiero'!C68)*365 -> 11.870822 | D18: =(('Proyecciones Estados Financiero'!D36+'Proyecciones Estados Financiero'!D35)/'Proyecciones Estados Financiero'!D68)*365 -> 12.134967 | E18: =(('Proyecciones Estados Financiero'!E36+'Proyecciones Estados Financiero'!E35)/'Proyecciones Estados Financiero'!E68)*365 -> 16.442325 | F18: =(('Proyecciones Estados Financiero'!F36+'Proyecciones Estados Financiero'!F35)/'Proyecciones Estados Financiero'!F68)*365 -> 14.559356 | G18: =(('Proyecciones Estados Financiero'!G36+'Proyecciones Estados Financiero'!G35)/'Proyecciones Estados Financiero'!G68)*365 -> 24.897325 | H18: =(('Proyecciones Estados Financiero'!H36+'Proyecciones Estados Financiero'!H35)/'Proyecciones Estados Financiero'!H68)*365 -> 24.897325 | I18: =(('Proyecciones Estados Financiero'!I36+'Proyecciones Estados Financiero'!I35)/'Proyecciones Estados Financiero'!I68)*365 -> 24.897325 | J18: =(('Proyecciones Estados Financiero'!J36+'Proyecciones Estados Financiero'!J35)/'Proyecciones Estados Financiero'!J68)*365 -> 24.897325 | ... L18: =(('Proyecciones Estados Financiero'!L36+'Proyecciones Estados Financiero'!L35)/'Proyecciones Estados Financiero'!L68)*365 -> 24.897325
B20: INDICADORES DE RENTABILIDAD
B21: Rentabilidad del Activo | C21: 2017 | D21: 2018 | E21: 2019 | F21: 2020 | G21: 2021 | H21: 2022 | I21: 2023 | J21: 2024 | K21: 2025 | L21: 2026 | M21: PROMEDIO
B22: Activos Totales | C22: ='Proyecciones Estados Financiero'!C29 -> 20020262115 | D22: ='Proyecciones Estados Financiero'!D29 -> 20559486314 | E22: ='Proyecciones Estados Financiero'!E29 -> 20858298110 | F22: ='Proyecciones Estados Financiero'!F29 -> 20510559720 | G22: ='Proyecciones Estados Financiero'!G29 -> 21211531812 | H22: ='Proyecciones Estados Financiero'!H29 -> 2.387893e+10 | I22: ='Proyecciones Estados Financiero'!I29 -> 2.5502608e+10 | J22: ='Proyecciones Estados Financiero'!J29 -> 2.605328e+10 | ... L22: ='Proyecciones Estados Financiero'!L29 -> 2.7628833e+10
B23: Utilidad Neta | C23: ='Proyecciones Estados Financiero'!C82 -> -12579439 | D23: ='Proyecciones Estados Financiero'!D82 -> 86425549 | E23: ='Proyecciones Estados Financiero'!E82 -> 136016100 | F23: ='Proyecciones Estados Financiero'!F82 -> 530417473 | G23: ='Proyecciones Estados Financiero'!G82 -> -13719389 | H23: ='Proyecciones Estados Financiero'!H82 -> 54374232 | I23: ='Proyecciones Estados Financiero'!I82 -> 58234802 | J23: ='Proyecciones Estados Financiero'!J82 -> 59457733 | ... L23: ='Proyecciones Estados Financiero'!L82 -> 63078471
B24: ROA | C24: =+C23/C22 -> -0.00062833538 | D24: =+D23/D22 -> 0.0042036823 | E24: =+E23/E22 -> 0.0065209587 | F24: =+F23/F22 -> 0.025860702 | G24: =+G23/G22 -> -0.00064678917 | H24: =+H23/H22 -> 0.0022770799 | I24: =+I23/I22 -> 0.0022834842 | J24: =+J23/J22 -> 0.0022821592 | ... L24: =+L23/L22 -> 0.0022830668 | M24: =+AVERAGE(C24:L24) -> 0.0046718259
B26: Rentabilidad del Patrimonio | C26: 2017 | D26: 2018 | E26: 2019 | F26: 2020 | G26: 2021 | H26: 2022 | I26: 2023 | J26: 2024 | K26: 2025 | L26: 2026
B27: Rentabilidad Bruta | C27: ='Proyecciones Estados Financiero'!C72/'Proyecciones Estados Financiero'!C68 -> 0.72741501 | D27: ='Proyecciones Estados Financiero'!D72/'Proyecciones Estados Financiero'!D68 -> 0.71800926 | E27: ='Proyecciones Estados Financiero'!E72/'Proyecciones Estados Financiero'!E68 -> 0.31235889 | F27: ='Proyecciones Estados Financiero'!F72/'Proyecciones Estados Financiero'!F68 -> 0.39035012 | G27: ='Proyecciones Estados Financiero'!G72/'Proyecciones Estados Financiero'!G68 -> 0.37768747 | H27: ='Proyecciones Estados Financiero'!H72/'Proyecciones Estados Financiero'!H68 -> 0.37768747 | I27: ='Proyecciones Estados Financiero'!I72/'Proyecciones Estados Financiero'!I68 -> 0.37768747 | J27: ='Proyecciones Estados Financiero'!J72/'Proyecciones Estados Financiero'!J68 -> 0.37768747 | ... L27: ='Proyecciones Estados Financiero'!L72/'Proyecciones Estados Financiero'!L68 -> 0.37768747
B28: Rentabilidad Operacional | C28: ='Proyecciones Estados Financiero'!C74/'Proyecciones Estados Financiero'!C68 -> 0.062698833 | D28: ='Proyecciones Estados Financiero'!D74/'Proyecciones Estados Financiero'!D68 -> 0.05331524 | E28: ='Proyecciones Estados Financiero'!E74/'Proyecciones Estados Financiero'!E68 -> 0.054119781 | F28: ='Proyecciones Estados Financiero'!F74/'Proyecciones Estados Financiero'!F68 -> 0.075610151 | G28: ='Proyecciones Estados Financiero'!G74/'Proyecciones Estados Financiero'!G68 -> 0.024360474 | H28: ='Proyecciones Estados Financiero'!H74/'Proyecciones Estados Financiero'!H68 -> 0.024360474 | I28: ='Proyecciones Estados Financiero'!I74/'Proyecciones Estados Financiero'!I68 -> 0.024360474 | J28: ='Proyecciones Estados Financiero'!J74/'Proyecciones Estados Financiero'!J68 -> 0.024360474 | ... L28: ='Proyecciones Estados Financiero'!L74/'Proyecciones Estados Financiero'!L68 -> 0.024360474
B29: Rentabilidad Neta | C29: ='Proyecciones Estados Financiero'!C82/'Proyecciones Estados Financiero'!C68 -> -0.0010772032 | D29: ='Proyecciones Estados Financiero'!D82/'Proyecciones Estados Financiero'!D68 -> 0.0062075241 | E29: ='Proyecciones Estados Financiero'!E82/'Proyecciones Estados Financiero'!E68 -> 0.007488896 | F29: ='Proyecciones Estados Financiero'!F82/'Proyecciones Estados Financiero'!F68 -> 0.037364084 | G29: ='Proyecciones Estados Financiero'!G82/'Proyecciones Estados Financiero'!G68 -> -0.00084725469 | H29: ='Proyecciones Estados Financiero'!H82/'Proyecciones Estados Financiero'!H68 -> 0.0030333654 | I29: ='Proyecciones Estados Financiero'!I82/'Proyecciones Estados Financiero'!I68 -> 0.0030333654 | J29: ='Proyecciones Estados Financiero'!J82/'Proyecciones Estados Financiero'!J68 -> 0.0030333654 | ... L29: ='Proyecciones Estados Financiero'!L82/'Proyecciones Estados Financiero'!L68 -> 0.0030333654
B30: ROE | C30: ='Proyecciones Estados Financiero'!C82/'Proyecciones Estados Financiero'!C57 -> -0.00090980275 | D30: ='Proyecciones Estados Financiero'!D82/'Proyecciones Estados Financiero'!D57 -> 0.0062173432 | E30: ='Proyecciones Estados Financiero'!E82/'Proyecciones Estados Financiero'!E57 -> 0.0096900088 | F30: ='Proyecciones Estados Financiero'!F82/'Proyecciones Estados Financiero'!F57 -> 0.036411881 | G30: ='Proyecciones Estados Financiero'!G82/'Proyecciones Estados Financiero'!G57 -> -0.00094269081 | H30: ='Proyecciones Estados Financiero'!H82/'Proyecciones Estados Financiero'!H57 -> 0.0032905901 | I30: ='Proyecciones Estados Financiero'!I82/'Proyecciones Estados Financiero'!I57 -> 0.0033075526 | J30: ='Proyecciones Estados Financiero'!J82/'Proyecciones Estados Financiero'!J57 -> 0.0033049482 | ... L30: ='Proyecciones Estados Financiero'!L82/'Proyecciones Estados Financiero'!L57 -> 0.0033068119
C32: =+'Indicadores Financieros'!C21 -> 2017 | D32: =+C32+1 -> 2018 | E32: =+D32+1 -> 2019 | F32: =+E32+1 -> 2020 | G32: =+F32+1 -> 2021 | H32: 2022 | I32: 2023 | J32: 2024 | K32: 2025 | L32: 2026
B33: Utilidad Operacional | C33: ='Proyecciones Estados Financiero'!C74 -> 732188818 | D33: ='Proyecciones Estados Financiero'!D74 -> 742292551 | E33: ='Proyecciones Estados Financiero'!E74 -> 982943493 | F33: ='Proyecciones Estados Financiero'!F74 -> 1073355485 | G33: ='Proyecciones Estados Financiero'!G74 -> 394463232 | H33: ='Proyecciones Estados Financiero'!H74 -> 4.366708e+08 | I33: ='Proyecciones Estados Financiero'!I74 -> 4.6767442e+08 | J33: ='Proyecciones Estados Financiero'!J74 -> 4.7749559e+08 | ... L33: ='Proyecciones Estados Financiero'!L74 -> 5.0657316e+08
B34: Imp. Real Pagado | C34: =('Proyecciones Estados Financiero'!C80+'Proyecciones Estados Financiero'!C81)/'Proyecciones Estados Financiero'!C79 -> 1.0790186 | D34: =('Proyecciones Estados Financiero'!D80+'Proyecciones Estados Financiero'!D81)/'Proyecciones Estados Financiero'!D79 -> 0.67418702 | E34: =('Proyecciones Estados Financiero'!E80+'Proyecciones Estados Financiero'!E81)/'Proyecciones Estados Financiero'!E79 -> 0.64932211 | F34: =('Proyecciones Estados Financiero'!F80+'Proyecciones Estados Financiero'!F81)/'Proyecciones Estados Financiero'!F79 -> 0.43987782 | G34: =('Proyecciones Estados Financiero'!G80+'Proyecciones Estados Financiero'!G81)/'Proyecciones Estados Financiero'!G79 -> 1.198397 | H34: =('Proyecciones Estados Financiero'!H80+'Proyecciones Estados Financiero'!H81)/'Proyecciones Estados Financiero'!H79 -> 0.41030671 | I34: =('Proyecciones Estados Financiero'!I80+'Proyecciones Estados Financiero'!I81)/'Proyecciones Estados Financiero'!I79 -> 0.41030671 | J34: =('Proyecciones Estados Financiero'!J80+'Proyecciones Estados Financiero'!J81)/'Proyecciones Estados Financiero'!J79 -> 0.41030671 | ... L34: =('Proyecciones Estados Financiero'!L80+'Proyecciones Estados Financiero'!L81)/'Proyecciones Estados Financiero'!L79 -> 0.41030671
B35: UODI (Con impuesto real pagado) | C35: =+C33*(1-C34) -> -57856571 | D35: =+D33*(1-D34) -> 2.4184855e+08 | E35: =+E33*(1-E34) -> 3.4469655e+08 | F35: =+F33*(1-F34) -> 6.0121022e+08 | G35: =+G33*(1-G34) -> -78260335 | H35: =+H33*(1-H34) -> 2.5750184e+08 | I35: =+I33*(1-I34) -> 2.7578447e+08 | J35: =+J33*(1-J34) -> 2.8157594e+08 | ... L35: =+L33*(1-L34) -> 2.9872279e+08
C37: =C32 -> 2017 | D37: =D32 -> 2018 | E37: =E32 -> 2019 | F37: =F32 -> 2020 | G37: =G32 -> 2021 | H37: 2022 | I37: 2023 | J37: 2024 | K37: 2025 | L37: 2026
B38: Activos Corrientes | C38: ='Proyecciones Estados Financiero'!C21 -> 924762736 | D38: ='Proyecciones Estados Financiero'!D21 -> 901727182 | E38: ='Proyecciones Estados Financiero'!E21 -> 1231404016 | F38: ='Proyecciones Estados Financiero'!F21 -> 667428635 | G38: ='Proyecciones Estados Financiero'!G21 -> 1147382445 | H38: ='Proyecciones Estados Financiero'!H21 -> 2.0362563e+09 | I38: ='Proyecciones Estados Financiero'!I21 -> 2.3535166e+09 | J38: ='Proyecciones Estados Financiero'!J21 -> 2.4903491e+09 | ... L38: ='Proyecciones Estados Financiero'!L21 -> 2.8406442e+09
B39: Activos Fijos (Propiedad Planta y Equipo) | C39: ='Proyecciones Estados Financiero'!C24 -> 15686654738 | D39: ='Proyecciones Estados Financiero'!D24 -> 16217918992 | E39: ='Proyecciones Estados Financiero'!E24 -> 16199920443 | F39: ='Proyecciones Estados Financiero'!F24 -> 16393861749 | G39: ='Proyecciones Estados Financiero'!G24 -> 16621721425 | H39: ='Proyecciones Estados Financiero'!H24 -> 1.8400246e+10 | I39: ='Proyecciones Estados Financiero'!I24 -> 1.9706663e+10 | J39: ='Proyecciones Estados Financiero'!J24 -> 2.0120503e+10 | ... L39: ='Proyecciones Estados Financiero'!L24 -> 2.1345761e+10
B40: Cuentas por pagar proveedores | C40: ='Proyecciones Estados Financiero'!C35+'Proyecciones Estados Financiero'!C36 -> 379797029 | D40: ='Proyecciones Estados Financiero'!D35+'Proyecciones Estados Financiero'!D36 -> 462881103 | E40: ='Proyecciones Estados Financiero'!E35+'Proyecciones Estados Financiero'!E36 -> 818168718 | F40: ='Proyecciones Estados Financiero'!F35+'Proyecciones Estados Financiero'!F36 -> 566255952 | G40: ='Proyecciones Estados Financiero'!G35+'Proyecciones Estados Financiero'!G36 -> 1104537884 | H40: ='Proyecciones Estados Financiero'!H35+'Proyecciones Estados Financiero'!H36 -> 1.2227234e+09 | I40: ='Proyecciones Estados Financiero'!I35+'Proyecciones Estados Financiero'!I36 -> 1.3095368e+09 | J40: ='Proyecciones Estados Financiero'!J35+'Proyecciones Estados Financiero'!J36 -> 1.3370371e+09 | ... L40: ='Proyecciones Estados Financiero'!L35+'Proyecciones Estados Financiero'!L36 -> 1.4184573e+09
B41: Activos Netos de Operación | C41: =+C38+C39-C40 -> 16231620445 | D41: =+D38+D39-D40 -> 16656765071 | E41: =+E38+E39-E40 -> 16613155741 | F41: =+F38+F39-F40 -> 16495034432 | G41: =+G38+G39-G40 -> 16664565986 | H41: =+H38+H39-H40 -> 1.9213779e+10 | I41: =+I38+I39-I40 -> 2.0750643e+10 | J41: =+J38+J39-J40 -> 2.1273815e+10 | ... L41: =+L38+L39-L40 -> 2.2767948e+10
B43: INDICADORES OPERATIVOS Y FINANCIEROS
B45: MODELO GENERAL | C45: 2017 | D45: 2018 | E45: 2019 | F45: 2020 | G45: 2021 | H45: 2022 | I45: 2023 | J45: 2024 | K45: 2025 | L45: 2026
B46: UTILIDAD NETA | C46: ='Proyecciones Estados Financiero'!C82 -> -12579439 | D46: ='Proyecciones Estados Financiero'!D82 -> 86425549 | E46: ='Proyecciones Estados Financiero'!E82 -> 136016100 | F46: ='Proyecciones Estados Financiero'!F82 -> 530417473 | G46: ='Proyecciones Estados Financiero'!G82 -> -13719389 | H46: ='Proyecciones Estados Financiero'!H82 -> 54374232 | I46: ='Proyecciones Estados Financiero'!I82 -> 58234802 | J46: ='Proyecciones Estados Financiero'!J82 -> 59457733 | ... L46: ='Proyecciones Estados Financiero'!L82 -> 63078471
B47: IMPUESTOS | C47: ='Proyecciones Estados Financiero'!C80+'Proyecciones Estados Financiero'!C81 -> 171775264 | D47: ='Proyecciones Estados Financiero'!D80+'Proyecciones Estados Financiero'!D81 -> 140435388 | E47: ='Proyecciones Estados Financiero'!E80+'Proyecciones Estados Financiero'!E81 -> 251850095 | F47: ='Proyecciones Estados Financiero'!F80+'Proyecciones Estados Financiero'!F81 -> 416549973 | G47: ='Proyecciones Estados Financiero'!G80+'Proyecciones Estados Financiero'!G81 -> 82870569 | H47: ='Proyecciones Estados Financiero'!H80+'Proyecciones Estados Financiero'!H81 -> 31409125 | I47: ='Proyecciones Estados Financiero'!I80+'Proyecciones Estados Financiero'!I81 -> 33639173 | J47: ='Proyecciones Estados Financiero'!J80+'Proyecciones Estados Financiero'!J81 -> 34345595 | ... L47: ='Proyecciones Estados Financiero'!L80+'Proyecciones Estados Financiero'!L81 -> 36437104
B48: GASTOS FINANCIEROS | C48: ='Proyecciones Estados Financiero'!C77 -> 632245234 | D48: ='Proyecciones Estados Financiero'!D77 -> 638332036 | E48: ='Proyecciones Estados Financiero'!E77 -> 615387646 | F48: ='Proyecciones Estados Financiero'!F77 -> 366727292 | G48: ='Proyecciones Estados Financiero'!G77 -> 514683196 | H48: ='Proyecciones Estados Financiero'!H77 -> 5.697543e+08 | I48: ='Proyecciones Estados Financiero'!I77 -> 6.1020685e+08 | J48: ='Proyecciones Estados Financiero'!J77 -> 6.230212e+08 | ... L48: ='Proyecciones Estados Financiero'!L77 -> 6.609607e+08
B49: EBIT | C49: =+C46+C47+C48 -> 791441059 | D49: =+D46+D47+D48 -> 865192973 | E49: =+E46+E47+E48 -> 1003253841 | F49: =+F46+F47+F48 -> 1313694738 | G49: =+G46+G47+G48 -> 583834376 | H49: =+H46+H47+H48 -> 6.5553765e+08 | I49: =+I46+I47+I48 -> 7.0208083e+08 | J49: =+J46+J47+J48 -> 7.1682452e+08 | ... L49: =+L46+L47+L48 -> 7.6047627e+08
B50: Depreciaciones | C50: ='Proyecciones Estados Financiero'!C63 -> 172454112 | D50: ='Proyecciones Estados Financiero'!D63 -> 271645297 | E50: ='Proyecciones Estados Financiero'!E63 -> 196588192 | F50: ='Proyecciones Estados Financiero'!F63 -> 199060704 | G50: ='Proyecciones Estados Financiero'!G63 -> 217471629 | H50: ='Proyecciones Estados Financiero'!H63 -> 2.0437351e+08 | I50: ='Proyecciones Estados Financiero'!I63 -> 2.0696861e+08 | J50: ='Proyecciones Estados Financiero'!J63 -> 2.0960458e+08 | ... L50: ='Proyecciones Estados Financiero'!L63 -> 2.0785181e+08
B51: Amortizaciones | C51: ='Proyecciones Estados Financiero'!C64 -> 0 | D51: ='Proyecciones Estados Financiero'!D64 -> 138553887 | E51: ='Proyecciones Estados Financiero'!E64 -> 177021270 | F51: ='Proyecciones Estados Financiero'!F64 -> 122753607 | G51: ='Proyecciones Estados Financiero'!G64 -> 148636088 | H51: ='Proyecciones Estados Financiero'!H64 -> 1.4947032e+08 | I51: ='Proyecciones Estados Financiero'!I64 -> 1.4028667e+08 | J51: ='Proyecciones Estados Financiero'!J64 -> 1.4613103e+08 | ... L51: ='Proyecciones Estados Financiero'!L64 -> 1.4390457e+08 | M51: PROMEDIO
B52: EBITDA | C52: =+C49+C50+C51 -> 963895171 | D52: =+D49+D50+D51 -> 1275392157 | E52: =+E49+E50+E51 -> 1376863303 | F52: =+F49+F50+F51 -> 1635509049 | G52: =+G49+G50+G51 -> 949942093 | H52: =+H49+H50+H51 -> 1.0093815e+09 | I52: =+I49+I50+I51 -> 1.0493361e+09 | J52: =+J49+J50+J51 -> 1.0725601e+09 | ... L52: =+L49+L50+L51 -> 1.1122327e+09 | M52: =+AVERAGE(C52:L52) -> 1.1534286e+09
B55: MODELO OPERATIVO | C55: 2017 | D55: 2018 | E55: 2019 | F55: 2020 | G55: 2021 | H55: 2022 | I55: 2023 | J55: 2024 | K55: 2025 | L55: 2026
B56: UTILIDAD OPERACIONAL | C56: ='Proyecciones Estados Financiero'!C74 -> 732188818 | D56: ='Proyecciones Estados Financiero'!D74 -> 742292551 | E56: ='Proyecciones Estados Financiero'!E74 -> 982943493 | F56: ='Proyecciones Estados Financiero'!F74 -> 1073355485 | G56: ='Proyecciones Estados Financiero'!G74 -> 394463232 | H56: ='Proyecciones Estados Financiero'!H74 -> 4.366708e+08 | I56: ='Proyecciones Estados Financiero'!I74 -> 4.6767442e+08 | J56: ='Proyecciones Estados Financiero'!J74 -> 4.7749559e+08 | ... L56: ='Proyecciones Estados Financiero'!L74 -> 5.0657316e+08
B57: Depreciaciones | C57: =+C50 -> 172454112 | D57: =+D50 -> 271645297 | E57: =+E50 -> 196588192 | F57: =+F50 -> 199060704 | G57: =+G50 -> 217471629 | H57: =+H50 -> 2.0437351e+08 | I57: =+I50 -> 2.0696861e+08 | J57: =+J50 -> 2.0960458e+08 | ... L57: =+L50 -> 2.0785181e+08
B58: Amortizaciones | C58: =+C51 -> 0 | D58: =+D51 -> 138553887 | E58: =+E51 -> 177021270 | F58: =+F51 -> 122753607 | G58: =+G51 -> 148636088 | H58: =+H51 -> 1.4947032e+08 | I58: =+I51 -> 1.4028667e+08 | J58: =+J51 -> 1.4613103e+08 | ... L58: =+L51 -> 1.4390457e+08 | M58: PROMEDIO
B59: EBITDA | C59: =+C56+C57+C58 -> 904642930 | D59: =+D56+D57+D58 -> 1152491735 | E59: =+E56+E57+E58 -> 1356552955 | F59: =+F56+F57+F58 -> 1395169796 | G59: =+G56+G57+G58 -> 760570949 | H59: =+H56+H57+H58 -> 7.9051463e+08 | I59: =+I56+I57+I58 -> 8.1492971e+08 | J59: =+J56+J57+J58 -> 8.332312e+08 | ... L59: =+L56+L57+L58 -> 8.5832954e+08 | M59: =+AVERAGE(C59:L59) -> 9.7095771e+08
C62: 2017 | D62: 2018 | E62: 2019 | F62: 2020 | G62: 2021 | H62: 2022 | I62: 2023 | J62: 2024 | K62: 2025 | L62: 2026
B63: Ventas | C63: ='Proyecciones Estados Financiero'!C68 -> 11677869922 | D63: ='Proyecciones Estados Financiero'!D68 -> 13922708568 | E63: ='Proyecciones Estados Financiero'!E68 -> 18162369966 | F63: ='Proyecciones Estados Financiero'!F68 -> 14195917839 | G63: ='Proyecciones Estados Financiero'!G68 -> 16192756548 | H63: ='Proyecciones Estados Financiero'!H68 -> 1.7925381e+10 | I63: ='Proyecciones Estados Financiero'!I68 -> 1.9198084e+10 | J63: ='Proyecciones Estados Financiero'!J68 -> 1.9601243e+10 | ... L63: ='Proyecciones Estados Financiero'!L68 -> 2.0794881e+10
B64: EBITDA | C64: =+C59 -> 904642930 | D64: =+D59 -> 1152491735 | E64: =+E59 -> 1356552955 | F64: =+F59 -> 1395169796 | G64: =+G59 -> 760570949 | H64: =+H59 -> 7.9051463e+08 | I64: =+I59 -> 8.1492971e+08 | J64: =+J59 -> 8.332312e+08 | ... L64: =+L59 -> 8.5832954e+08 | M64: PROMEDIO
B65: Margen EBITDA | C65: =+C64/C63 -> 0.077466433 | D65: =+D64/D63 -> 0.082777839 | E65: =+E64/E63 -> 0.074690305 | F65: =+F64/F63 -> 0.098279647 | G65: =+G64/G63 -> 0.046969825 | H65: =+H64/H63 -> 0.044100296 | I65: =+I64/I63 -> 0.042448493 | J65: =+J64/J63 -> 0.042509099 | ... L65: =+L64/L63 -> 0.041276002 | M65: =+AVERAGE(C65:L65) -> 0.059236114
B66: EVOLUCION VENTAS | D66: =+(D63/C63)-1 -> 0.19223015 | E66: =+(E63/D63)-1 -> 0.30451412 | F66: =+(F63/E63)-1 -> -0.21838847 | G66: =+(G63/F63)-1 -> 0.14066288 | H66: =+(H63/G63)-1 -> 0.107 | I66: =+(I63/H63)-1 -> 0.071 | J66: =+(J63/I63)-1 -> 0.021 | K66: =+(K63/J63)-1 -> 0.028 | L66: =+(L63/K63)-1 -> 0.032
B67: EVOLUCION DEL EBITDA | D67: =+(D64/C64)-1 -> 0.27397418 | E67: =+(E64/D64)-1 -> 0.1770609 | F67: =+(F64/E64)-1 -> 0.028466888 | G67: =+(G64/F64)-1 -> -0.4548542 | H67: =+(H64/G64)-1 -> 0.039370001 | I67: =+(I64/H64)-1 -> 0.030885049 | J67: =+(J64/I64)-1 -> 0.02245775 | K67: =+(K64/J64)-1 -> 0.011896467 | L67: =+(L64/K64)-1 -> 0.018010966
B69: Productividad de Capital de Trabajo (PKT)
C71: 2017 | D71: 2018 | E71: 2019 | F71: 2020 | G71: 2021 | H71: 2022 | I71: 2023 | J71: 2024 | K71: 2025 | L71: 2026
B72: Cuentas por cobrar | C72: ='Proyecciones Estados Financiero'!C18 -> 581219338 | D72: ='Proyecciones Estados Financiero'!D18 -> 402692804 | E72: ='Proyecciones Estados Financiero'!E18 -> 577633014 | F72: ='Proyecciones Estados Financiero'!F18 -> 452430357 | G72: ='Proyecciones Estados Financiero'!G18 -> 905410373 | H72: ='Proyecciones Estados Financiero'!H18 -> 678920365 | I72: ='Proyecciones Estados Financiero'!I18 -> 792165369 | J72: ='Proyecciones Estados Financiero'!J18 -> 735542867 | ... L72: ='Proyecciones Estados Financiero'!L18 -> 7.4969849e+08
B73: Cuentas por pagar Proveedores | C73: ='Proyecciones Estados Financiero'!C36+'Proyecciones Estados Financiero'!C35 -> 379797029 | D73: ='Proyecciones Estados Financiero'!D36+'Proyecciones Estados Financiero'!D35 -> 462881103 | E73: ='Proyecciones Estados Financiero'!E36+'Proyecciones Estados Financiero'!E35 -> 818168718 | F73: ='Proyecciones Estados Financiero'!F36+'Proyecciones Estados Financiero'!F35 -> 566255952 | G73: ='Proyecciones Estados Financiero'!G36+'Proyecciones Estados Financiero'!G35 -> 1104537884 | H73: ='Proyecciones Estados Financiero'!H36+'Proyecciones Estados Financiero'!H35 -> 1.2227234e+09 | I73: ='Proyecciones Estados Financiero'!I36+'Proyecciones Estados Financiero'!I35 -> 1.3095368e+09 | J73: ='Proyecciones Estados Financiero'!J36+'Proyecciones Estados Financiero'!J35 -> 1.3370371e+09 | ... L73: ='Proyecciones Estados Financiero'!L36+'Proyecciones Estados Financiero'!L35 -> 1.4184573e+09 | M73: PROMEDIO
B74: KTNO | C74: =+C72-C73 -> 201422309 | D74: =+D72-D73 -> -60188299 | E74: =+E72-E73 -> -240535704 | F74: =+F72-F73 -> -113825595 | G74: =+G72-G73 -> -199127511 | H74: =+H72-H73 -> -5.4380307e+08 | I74: =+I72-I73 -> -5.1737143e+08 | J74: =+J72-J73 -> -6.0149421e+08 | ... L74: =+L72-L73 -> -6.6875879e+08 | M74: =+AVERAGE(C74:L74) -> -3.3543023e+08
B75: VARIACION KTNO | D75: =+D74-C74 -> -261610608 | E75: =+E74-D74 -> -180347405 | F75: =+F74-E74 -> 126710109 | G75: =+G74-F74 -> -85301916 | H75: =+H74-G74 -> -3.4467556e+08 | I75: =+I74-H74 -> 26431640 | J75: =+J74-I74 -> -84122775 | K75: =+K74-J74 -> -9125787.1 | L75: =+L74-K74 -> -58138797
C77: 2017 | D77: 2018 | E77: 2019 | F77: 2020 | G77: 2021 | H77: 2022 | I77: 2023 | J77: 2024 | K77: 2025 | L77: 2026
B78: Ventas | C78: ='Proyecciones Estados Financiero'!C68 -> 11677869922 | D78: ='Proyecciones Estados Financiero'!D68 -> 13922708568 | E78: ='Proyecciones Estados Financiero'!E68 -> 18162369966 | F78: ='Proyecciones Estados Financiero'!F68 -> 14195917839 | G78: ='Proyecciones Estados Financiero'!G68 -> 16192756548 | H78: ='Proyecciones Estados Financiero'!H68 -> 1.7925381e+10 | I78: ='Proyecciones Estados Financiero'!I68 -> 1.9198084e+10 | J78: ='Proyecciones Estados Financiero'!J68 -> 1.9601243e+10 | ... L78: ='Proyecciones Estados Financiero'!L68 -> 2.0794881e+10
B79: KTNO | C79: =C74 -> 201422309 | D79: =D74 -> -60188299 | E79: =E74 -> -240535704 | F79: =F74 -> -113825595 | G79: =G74 -> -199127511 | H79: =H74 -> -5.4380307e+08 | I79: =I74 -> -5.1737143e+08 | J79: =J74 -> -6.0149421e+08 | ... L79: =L74 -> -6.6875879e+08 | M79: Promedio
B80: PKT Centavos | C80: =+C79/C78 -> 0.017248206 | D80: =+D79/D78 -> -0.0043230309 | E80: =+E79/E78 -> -0.01324363 | F80: =+F79/F78 -> -0.008018192 | G80: =+G79/G78 -> -0.01229732 | H80: =+H79/H78 -> -0.030337043 | I80: =+I79/I78 -> -0.026949119 | J80: =+J79/J78 -> -0.030686533 | ... L80: =+L79/L78 -> -0.03215978 | M80: =+AVERAGE(C80:L80) -> -0.017107005
B81: PKT % | C81: =+C80 -> 0.017248206 | D81: =+D80 -> -0.0043230309 | E81: =+E80 -> -0.01324363 | F81: =+F80 -> -0.008018192 | G81: =+G80 -> -0.01229732 | H81: =+H80 -> -0.030337043 | I81: =+I80 -> -0.026949119 | J81: =+J80 -> -0.030686533 | ... L81: =+L80 -> -0.03215978 | M81: =+AVERAGE(C81:L81) -> -0.017107005
B83: Productividad del Activo Fijo (PAF) Rotacion anual
C85: 2017 | D85: 2018 | E85: 2019 | F85: 2020 | G85: 2021 | H85: 2022 | I85: 2023 | J85: 2024 | K85: 2025 | L85: 2026
B86: Ventas | C86: ='Proyecciones Estados Financiero'!C68 -> 11677869922 | D86: ='Proyecciones Estados Financiero'!D68 -> 13922708568 | E86: ='Proyecciones Estados Financiero'!E68 -> 18162369966 | F86: ='Proyecciones Estados Financiero'!F68 -> 14195917839 | G86: ='Proyecciones Estados Financiero'!G68 -> 16192756548 | H86: ='Proyecciones Estados Financiero'!H68 -> 1.7925381e+10 | I86: ='Proyecciones Estados Financiero'!I68 -> 1.9198084e+10 | J86: ='Proyecciones Estados Financiero'!J68 -> 1.9601243e+10 | ... L86: ='Proyecciones Estados Financiero'!L68 -> 2.0794881e+10
B87: Activos Fijos | C87: ='Proyecciones Estados Financiero'!C24 -> 15686654738 | D87: ='Proyecciones Estados Financiero'!D24 -> 16217918992 | E87: ='Proyecciones Estados Financiero'!E24 -> 16199920443 | F87: ='Proyecciones Estados Financiero'!F24 -> 16393861749 | G87: ='Proyecciones Estados Financiero'!G24 -> 16621721425 | H87: ='Proyecciones Estados Financiero'!H24 -> 1.8400246e+10 | I87: ='Proyecciones Estados Financiero'!I24 -> 1.9706663e+10 | J87: ='Proyecciones Estados Financiero'!J24 -> 2.0120503e+10 | ... L87: ='Proyecciones Estados Financiero'!L24 -> 2.1345761e+10 | M87: Promedio
B88: PAF | C88: =+C86/C87 -> 0.74444616 | D88: =+D86/D87 -> 0.85847688 | E88: =+E86/E87 -> 1.1211395 | F88: =+F86/F87 -> 0.86592885 | G88: =+G86/G87 -> 0.97419251 | H88: =+H86/H87 -> 0.97419251 | I88: =+I86/I87 -> 0.97419251 | J88: =+J86/J87 -> 0.97419251 | ... L88: =+L86/L87 -> 0.97419251 | M88: =+AVERAGE(C88:L88) -> 0.94351464
B90: Palanca de Crecimiento (PDC)
C92: 2017 | D92: 2018 | E92: 2019 | F92: 2020 | G92: 2021 | H92: 2022 | I92: 2023 | J92: 2024 | K92: 2025 | L92: 2026
B93: Margen EBITDA | C93: =C65 -> 0.077466433 | D93: =D65 -> 0.082777839 | E93: =E65 -> 0.074690305 | F93: =F65 -> 0.098279647 | G93: =G65 -> 0.046969825 | H93: =H65 -> 0.044100296 | I93: =I65 -> 0.042448493 | J93: =J65 -> 0.042509099 | ... L93: =L65 -> 0.041276002
B94: PKT | C94: =C81 -> 0.017248206 | D94: =D81 -> -0.0043230309 | E94: =E81 -> -0.01324363 | F94: =F81 -> -0.008018192 | G94: =G81 -> -0.01229732 | H94: =H81 -> -0.030337043 | I94: =I81 -> -0.026949119 | J94: =J81 -> -0.030686533 | ... L94: =L81 -> -0.03215978 | M94: Promedio
B95: PDC | C95: =+C93/C94 -> 4.4912747 | D95: =+D93/D94 -> -19.148103 | E95: =+E93/E94 -> -5.6397156 | F95: =+F93/F94 -> -12.257083 | G95: =+G93/G94 -> -3.8195172 | H95: =+H93/H94 -> -1.4536781 | I95: =+I93/I94 -> -1.5751347 | J95: =+J93/J94 -> -1.3852689 | ... L95: =+L93/L94 -> -1.2834665 | M95: =+AVERAGE(C95:L95) -> -4.3451492

Sheet Valoración Empresa
B1: VARIABLES
B2: Tasa Libre de Riesgo | C2: 0.1497 | D2: https://datosmacro.expansion.com/bono/colombia
B3: Prima por el Riesgo del Mercado | C3: 0.01176 | D3: https://datosmacro.expansion.com/bono/colombia
B4: Beta del sector | C4: 0.0113 | D4: https://pages.stern.nyu.edu/~adamodar/New_Home_Page/datafile/Betas.html
B5: Riesgo País | C5: 0.01173 | D5: https://datosmacro.expansion.com/prima-riesgo/colombia
B6: Rentabilidad el Mercado | C6: 0.043 | D6: Proyecciones inicio de año 2022, https://www.portafolio.co/economia/finanzas/pib-de-2022-mercado-eleva-proyecciones-de-crecimiento-563538
B9: FLUJO DE CAJA LIBRE MÉTODO TRADICIONAL
B10: FLUJO DE CAJA LIBRE MÉTODO TRADICIONAL | C10: 2017 | D10: 2018 | E10: 2019 | F10: 2020 | G10: 2021 | H10: 2022 | I10: 2023 | J10: 2024 | K10: 2025 | L10: 2026
B11: Utilidad Neta Del Ejercicio | D11: ='Proyecciones Estados Financiero'!D82 -> 86425549 | E11: ='Proyecciones Estados Financiero'!E82 -> 136016100 | F11: ='Proyecciones Estados Financiero'!F82 -> 530417473 | G11: ='Proyecciones Estados Financiero'!G82 -> -13719389 | H11: ='Proyecciones Estados Financiero'!H82 -> 54374232 | I11: ='Proyecciones Estados Financiero'!I82 -> 58234802 | J11: ='Proyecciones Estados Financiero'!J82 -> 59457733 | K11: ='Proyecciones Estados Financiero'!K82 -> 61122549 | L11: ='Proyecciones Estados Financiero'!L82 -> 63078471
B12: (+) Impuestos CAUSADOS | D12: ='Proyecciones Estados Financiero'!D80 -> 131156575 | E12: ='Proyecciones Estados Financiero'!E80 -> 250784418 | F12: ='Proyecciones Estados Financiero'!F80 -> 397162535 | G12: ='Proyecciones Estados Financiero'!G80 -> 78700289 | H12: ='Proyecciones Estados Financiero'!H80 -> 26792625 | I12: ='Proyecciones Estados Financiero'!I80 -> 28694901 | J12: ='Proyecciones Estados Financiero'!J80 -> 29297494 | K12: ='Proyecciones Estados Financiero'!K80 -> 30117824 | L12: ='Proyecciones Estados Financiero'!L80 -> 31081594
B13: (+) Gastos financiero | D13: ='Proyecciones Estados Financiero'!D77 -> 638332036 | E13: ='Proyecciones Estados Financiero'!E77 -> 615387646 | F13: ='Proyecciones Estados Financiero'!F77 -> 366727292 | G13: ='Proyecciones Estados Financiero'!G77 -> 514683196 | H13: ='Proyecciones Estados Financiero'!H77 -> 5.697543e+08 | I13: ='Proyecciones Estados Financiero'!I77 -> 6.1020685e+08 | J13: ='Proyecciones Estados Financiero'!J77 -> 6.230212e+08 | K13: ='Proyecciones Estados Financiero'!K77 -> 6.4046579e+08 | L13: ='Proyecciones Estados Financiero'!L77 -> 6.609607e+08
B14: EBIT | D14: =D11+D12+D13 -> 855914160 | E14: =E11+E12+E13 -> 1002188164 | F14: =F11+F12+F13 -> 1294307300 | G14: =G11+G12+G13 -> 579664096 | H14: =H11+H12+H13 -> 6.5092115e+08 | I14: =I11+I12+I13 -> 6.9713656e+08 | J14: =J11+J12+J13 -> 7.1177642e+08 | K14: =K11+K12+K13 -> 7.3170616e+08 | L14: =L11+L12+L13 -> 7.5512076e+08
B15: (-) Impuestos Ajustados | D15: ='Proyecciones Estados Financiero'!D81 -> 9278813 | E15: ='Proyecciones Estados Financiero'!E81 -> 1065677 | F15: ='Proyecciones Estados Financiero'!F81 -> 19387438 | G15: ='Proyecciones Estados Financiero'!G81 -> 4170280 | H15: ='Proyecciones Estados Financiero'!H81 -> 4616500 | I15: ='Proyecciones Estados Financiero'!I81 -> 4944271.5 | J15: ='Proyecciones Estados Financiero'!J81 -> 5048101.2 | K15: ='Proyecciones Estados Financiero'!K81 -> 5189448 | L15: ='Proyecciones Estados Financiero'!L81 -> 5355510.3
B16: EBIT (1 - tx)UODI/RODI/NOPAT/NOPLAT | D16: =D14-D15 -> 846635347 | E16: =E14-E15 -> 1001122487 | F16: =F14-F15 -> 1274919862 | G16: =G14-G15 -> 575493816 | H16: =H14-H15 -> 6.4630465e+08 | I16: =I14-I15 -> 6.9219228e+08 | J16: =J14-J15 -> 7.0672832e+08 | K16: =K14-K15 -> 7.2651672e+08 | L16: =L14-L15 -> 7.4976525e+08
B17: (+) Depreciación | D17: ='Proyecciones Estados Financiero'!D63 -> 271645297 | E17: ='Proyecciones Estados Financiero'!E63 -> 196588192 | F17: ='Proyecciones Estados Financiero'!F63 -> 199060704 | G17: ='Proyecciones Estados Financiero'!G63 -> 217471629 | H17: ='Proyecciones Estados Financiero'!H63 -> 2.0437351e+08 | I17: ='Proyecciones Estados Financiero'!I63 -> 2.0696861e+08 | J17: ='Proyecciones Estados Financiero'!J63 -> 2.0960458e+08 | K17: ='Proyecciones Estados Financiero'!K63 -> 2.0698224e+08 | L17: ='Proyecciones Estados Financiero'!L63 -> 2.0785181e+08
B18: (+) Amortización | D18: ='Proyecciones Estados Financiero'!D64 -> 138553887 | E18: ='Proyecciones Estados Financiero'!E64 -> 177021270 | F18: ='Proyecciones Estados Financiero'!F64 -> 122753607 | G18: ='Proyecciones Estados Financiero'!G64 -> 148636088 | H18: ='Proyecciones Estados Financiero'!H64 -> 1.4947032e+08 | I18: ='Proyecciones Estados Financiero'!I64 -> 1.4028667e+08 | J18: ='Proyecciones Estados Financiero'!J64 -> 1.4613103e+08 | K18: ='Proyecciones Estados Financiero'!K64 -> 1.4529601e+08 | L18: ='Proyecciones Estados Financiero'!L64 -> 1.4390457e+08
B19: 1 Flujo operativo o flujo bruto | D19: =D16+D17+D18 -> 1256834531 | E19: =E16+E17+E18 -> 1374731949 | F19: =F16+F17+F18 -> 1596734173 | G19: =G16+G17+G18 -> 941601533 | H19: =H16+H17+H18 -> 1.0001485e+09 | I19: =I16+I17+I18 -> 1.0394476e+09 | J19: =J16+J17+J18 -> 1.0624639e+09 | K19: =K16+K17+K18 -> 1.078795e+09 | L19: =L16+L17+L18 -> 1.1015216e+09
B20: (-) Inversión en capital de trabajo | D20: =D33 -> -348603753 | E20: =E33 -> -247956489 | F20: =F33 -> -83687766 | G20: =G33 -> -153228252 | H20: =H33 -> 6.8473883e+08 | I20: =I33 -> 1.673106e+08 | J20: =J33 -> 89332846 | K20: =K33 -> 1.0038113e+08 | L20: =L33 -> 1.0928151e+08
B21: (-) Inversión en activos no corrientes (1) | D21: =('Proyecciones Estados Financiero'!D24-'Proyecciones Estados Financiero'!C24)+('Proyecciones Estados Financiero'!D25-'Proyecciones Estados Financiero'!C25) -> 562259753 | E21: =('Proyecciones Estados Financiero'!E24-'Proyecciones Estados Financiero'!D24)+('Proyecciones Estados Financiero'!E25-'Proyecciones Estados Financiero'!D25) -> -30865038 | F21: =('Proyecciones Estados Financiero'!F24-'Proyecciones Estados Financiero'!E24)+('Proyecciones Estados Financiero'!F25-'Proyecciones Estados Financiero'!E25) -> 216236991 | G21: =('Proyecciones Estados Financiero'!G24-'Proyecciones Estados Financiero'!F24)+('Proyecciones Estados Financiero'!G25-'Proyecciones Estados Financiero'!F25) -> 221018282 | H21: =('Proyecciones Estados Financiero'!H24-'Proyecciones Estados Financiero'!G24)+('Proyecciones Estados Financiero'!H25-'Proyecciones Estados Financiero'!G25) -> 1.7785242e+09 | I21: =('Proyecciones Estados Financiero'!I24-'Proyecciones Estados Financiero'!H24)+('Proyecciones Estados Financiero'!I25-'Proyecciones Estados Financiero'!H25) -> 1.3064174e+09 | J21: =('Proyecciones Estados Financiero'!J24-'Proyecciones Estados Financiero'!I24)+('Proyecciones Estados Financiero'!J25-'Proyecciones Estados Financiero'!I25) -> 4.1383992e+08 | K21: =('Proyecciones Estados Financiero'!K24-'Proyecciones Estados Financiero'!J24)+('Proyecciones Estados Financiero'!K25-'Proyecciones Estados Financiero'!J25) -> 5.6337408e+08 | L21: =('Proyecciones Estados Financiero'!L24-'Proyecciones Estados Financiero'!K24)+('Proyecciones Estados Financiero'!L25-'Proyecciones Estados Financiero'!K25) -> 6.6188407e+08
B22: 2 Financiación de inversiones | D22: =D20+D21 -> 213656000 | E22: =E20+E21 -> -278821527 | F22: =F20+F21 -> 132549225 | G22: =G20+G21 -> 67790030 | H22: =H20+H21 -> 2.463263e+09 | I22: =I20+I21 -> 1.473728e+09 | J22: =J20+J21 -> 5.0317277e+08 | K22: =K20+K21 -> 6.6375521e+08 | L22: =L20+L21 -> 7.7116558e+08
B24: (1 - 2) FCL | D24: =D19-D22 -> 1043178531 | E24: =E19-E22 -> 1653553476 | F24: =F19-F22 -> 1464184948 | G24: =G19-G22 -> 873811503 | H24: =H19-H22 -> -1.4631145e+09 | I24: =I19-I22 -> -4.3428046e+08 | J24: =J19-J22 -> 5.5929116e+08 | K24: =K19-K22 -> 4.1503974e+08 | L24: =L19-L22 -> 3.3035605e+08
B26: VARIACIÓN DEL CAPITAL DE TRABAJO
B27: VARIACIÓN DEL CAPITAL DE TRABAJO | C27: 2017 | D27: 2018 | E27: 2019 | F27: 2020 | G27: 2021 | H27: 2022 | I27: 2023 | J27: 2024 | K27: 2025 | L27: 2026
B28: Activo Corriente | C28: ='Proyecciones Estados Financiero'!C21 -> 924762736 | D28: ='Proyecciones Estados Financiero'!D21 -> 901727182 | E28: ='Proyecciones Estados Financiero'!E21 -> 1231404016 | F28: ='Proyecciones Estados Financiero'!F21 -> 667428635 | G28: ='Proyecciones Estados Financiero'!G21 -> 1147382445 | H28: ='Proyecciones Estados Financiero'!H21 -> 2.0362563e+09 | I28: ='Proyecciones Estados Financiero'!I21 -> 2.3535166e+09 | J28: ='Proyecciones Estados Financiero'!J21 -> 2.4903491e+09 | ... L28: ='Proyecciones Estados Financiero'!L21 -> 2.8406442e+09
B29: Pasivo Corriente | C29: ='Proyecciones Estados Financiero'!C39 -> 851708247 | D29: ='Proyecciones Estados Financiero'!D39 -> 1177276446 | E29: ='Proyecciones Estados Financiero'!E39 -> 2054909769 | F29: ='Proyecciones Estados Financiero'!F39 -> 1955913810 | G29: ='Proyecciones Estados Financiero'!G39 -> 2430679381 | H29: ='Proyecciones Estados Financiero'!H39 -> 2.6907621e+09 | I29: ='Proyecciones Estados Financiero'!I39 -> 2.8818082e+09 | J29: ='Proyecciones Estados Financiero'!J39 -> 2.9423261e+09 | ... L29: ='Proyecciones Estados Financiero'!L39 -> 3.1215019e+09
B30: (-) Obligaciones Financieras Cp | C30: ='Proyecciones Estados Financiero'!C34 -> 0 | D30: ='Proyecciones Estados Financiero'!D34 -> 0 | E30: ='Proyecciones Estados Financiero'!E34 -> 300000000 | F30: ='Proyecciones Estados Financiero'!F34 -> 681291656 | G30: ='Proyecciones Estados Financiero'!G34 -> 522875165 | H30: ='Proyecciones Estados Financiero'!H34 -> 5.7882281e+08 | I30: ='Proyecciones Estados Financiero'!I34 -> 6.1991923e+08 | J30: ='Proyecciones Estados Financiero'!J34 -> 6.3293753e+08 | ... L30: ='Proyecciones Estados Financiero'!L34 -> 6.7148089e+08
B31: Deuda Operacional | C31: =C29-C30 -> 851708247 | D31: =D29-D30 -> 1177276446 | E31: =E29-E30 -> 1754909769 | F31: =F29-F30 -> 1274622154 | G31: =G29-G30 -> 1907804216 | H31: =H29-H30 -> 2.1119393e+09 | I31: =I29-I30 -> 2.261889e+09 | J31: =J29-J30 -> 2.3093886e+09 | ... L31: =L29-L30 -> 2.450021e+09
B32: Capital De Trabajo Operativo (1 - 2) | C32: =C28-C31 -> 73054489 | D32: =D28-D31 -> -275549264 | E32: =E28-E31 -> -523505753 | F32: =F28-F31 -> -607193519 | G32: =G28-G31 -> -760421771 | H32: =H28-H31 -> -75682944 | I32: =I28-I31 -> 91627652 | J32: =J28-J31 -> 1.809605e+08 | ... L32: =L28-L31 -> 3.9062314e+08
B33: VARIACIÓN DEL CAPITAL DE TRABAJO OPERATIVO | D33: =D32-C32 -> -348603753 | E33: =E32-D32 -> -247956489 | F33: =F32-E32 -> -83687766 | G33: =G32-F32 -> -153228252 | H33: =H32-G32 -> 6.8473883e+08 | I33: =I32-H32 -> 1.673106e+08 | J33: =J32-I32 -> 89332846 | K33: =K32-J32 -> 1.0038113e+08 | L33: =L32-K32 -> 1.0928151e+08
B35: WACC
C36: 2017 | D36: 2018 | E36: 2019 | F36: 2020 | G36: 2021 | H36: 2022 | I36: 2023 | J36: 2024 | K36: 2025 | L36: 2026
B37: Deuda | D37: ='Proyecciones Estados Financiero'!D34+'Proyecciones Estados Financiero'!D42 -> 2992927779 | E37: ='Proyecciones Estados Financiero'!E34+'Proyecciones Estados Financiero'!E42 -> 2887635103 | F37: ='Proyecciones Estados Financiero'!F34+'Proyecciones Estados Financiero'!F42 -> 3449166357 | G37: ='Proyecciones Estados Financiero'!G34+'Proyecciones Estados Financiero'!G42 -> 3538051788 | H37: ='Proyecciones Estados Financiero'!H34+'Proyecciones Estados Financiero'!H42 -> 3.9166233e+09 | I37: ='Proyecciones Estados Financiero'!I34+'Proyecciones Estados Financiero'!I42 -> 4.1947036e+09 | J37: ='Proyecciones Estados Financiero'!J34+'Proyecciones Estados Financiero'!J42 -> 4.2827924e+09 | K37: ='Proyecciones Estados Financiero'!K34+'Proyecciones Estados Financiero'!K42 -> 4.4027105e+09 | L37: ='Proyecciones Estados Financiero'!L34+'Proyecciones Estados Financiero'!L42 -> 4.5435973e+09
B38: Patrimonio | D38: ='Proyecciones Estados Financiero'!D57 -> 13900720428 | E38: ='Proyecciones Estados Financiero'!E57 -> 14036736528 | F38: ='Proyecciones Estados Financiero'!F57 -> 14567154001 | G38: ='Proyecciones Estados Financiero'!G57 -> 14553434613 | H38: ='Proyecciones Estados Financiero'!H57 -> 1.6524158e+10 | I38: ='Proyecciones Estados Financiero'!I57 -> 1.7606614e+10 | J38: ='Proyecciones Estados Financiero'!J57 -> 1.7990519e+10 | K38: ='Proyecciones Estados Financiero'!K57 -> 1.8493322e+10 | L38: ='Proyecciones Estados Financiero'!L57 -> 1.9075313e+10
B39: Beta Apalancada | D39: =$C$4 -> 0.0113 | E39: =$C$4 -> 0.0113 | F39: =$C$4 -> 0.0113 | G39: =$C$4 -> 0.0113 | H39: =$C$4 -> 0.0113 | I39: =$C$4 -> 0.0113 | J39: =$C$4 -> 0.0113 | K39: =$C$4 -> 0.0113 | L39: =$C$4 -> 0.0113
B40: 'Costo del Patrimonio | D40: =$C$2+($C$6-$C$2)*$C$4+$C$5 -> 0.16022429 | E40: =$C$2+($C$6-$C$2)*$C$4+$C$5 -> 0.16022429 | F40: =$C$2+($C$6-$C$2)*$C$4+$C$5 -> 0.16022429 | G40: =$C$2+($C$6-$C$2)*$C$4+$C$5 -> 0.16022429 | H40: =$C$2+($C$6-$C$2)*$C$4+$C$5 -> 0.16022429 | I40: =$C$2+($C$6-$C$2)*$C$4+$C$5 -> 0.16022429 | J40: =$C$2+($C$6-$C$2)*$C$4+$C$5 -> 0.16022429 | K40: =$C$2+($C$6-$C$2)*$C$4+$C$5 -> 0.16022429 | L40: =$C$2+($C$6-$C$2)*$C$4+$C$5 -> 0.16022429
B42: Estructura Deuda | D42: =+D37/(D37+D38) -> 0.1771629 | E42: =+E37/(E37+E38) -> 0.17061993 | F42: =+F37/(F37+F38) -> 0.19144677 | G42: =+G37/(G37+G38) -> 0.19556446 | H42: =+H37/(H37+H38) -> 0.1916083 | I42: =+I37/(I37+I38) -> 0.19240597 | J42: =+J37/(J37+J38) -> 0.19228359 | K42: =+K37/(K37+K38) -> 0.19229141 | L42: =+L37/(L37+L38) -> 0.19237117
B43: Estructura Patrimonio | D43: =D38/(D37+D38) -> 0.8228371 | E43: =E38/(E37+E38) -> 0.82938007 | F43: =F38/(F37+F38) -> 0.80855323 | G43: =G38/(G37+G38) -> 0.80443554 | H43: =H38/(H37+H38) -> 0.8083917 | I43: =I38/(I37+I38) -> 0.80759403 | J43: =J38/(J37+J38) -> 0.80771641 | K43: =K38/(K37+K38) -> 0.80770859 | L43: =L38/(L37+L38) -> 0.80762883
B44: Total Estructura de Capital | D44: =SUM(D42:D43) -> 1 | E44: =SUM(E42:E43) -> 1 | F44: =SUM(F42:F43) -> 1 | G44: =SUM(G42:G43) -> 1 | H44: =SUM(H42:H43) -> 1 | I44: =SUM(I42:I43) -> 1 | J44: =SUM(J42:J43) -> 1 | K44: =SUM(K42:K43) -> 1 | L44: =SUM(L42:L43) -> 1
B46: Costo Despues de Impuestos | D46: ='Proyecciones Estados Financiero'!D7*(1-('Proyecciones Estados Financiero'!D80+'Proyecciones Estados Financiero'!D81)/'Proyecciones Estados Financiero'!D79) -> 0.037999746 | E46: ='Proyecciones Estados Financiero'!E7*(1-('Proyecciones Estados Financiero'!E80+'Proyecciones Estados Financiero'!E81)/'Proyecciones Estados Financiero'!E79) -> 0.039035628 | F46: ='Proyecciones Estados Financiero'!F7*(1-('Proyecciones Estados Financiero'!F80+'Proyecciones Estados Financiero'!F81)/'Proyecciones Estados Financiero'!F79) -> 0.059982242 | G46: ='Proyecciones Estados Financiero'!G7*(1-('Proyecciones Estados Financiero'!G80+'Proyecciones Estados Financiero'!G81)/'Proyecciones Estados Financiero'!G79) -> -0.016688497 | H46: ='Proyecciones Estados Financiero'!H7*(1-('Proyecciones Estados Financiero'!H80+'Proyecciones Estados Financiero'!H81)/'Proyecciones Estados Financiero'!H79) -> 0.052484177 | I46: ='Proyecciones Estados Financiero'!I7*(1-('Proyecciones Estados Financiero'!I80+'Proyecciones Estados Financiero'!I81)/'Proyecciones Estados Financiero'!I79) -> 0.054793475 | J46: ='Proyecciones Estados Financiero'!J7*(1-('Proyecciones Estados Financiero'!J80+'Proyecciones Estados Financiero'!J81)/'Proyecciones Estados Financiero'!J79) -> 0.059369238 | K46: ='Proyecciones Estados Financiero'!K7*(1-('Proyecciones Estados Financiero'!K80+'Proyecciones Estados Financiero'!K81)/'Proyecciones Estados Financiero'!K79) -> 0.061821412 | L46: ='Proyecciones Estados Financiero'!L7*(1-('Proyecciones Estados Financiero'!L80+'Proyecciones Estados Financiero'!L81)/'Proyecciones Estados Financiero'!L79) -> 0.064672801
B47: Aporte Costo de la Deuda | D47: =D46*D42 -> 0.0067321454 | E47: =E46*E42 -> 0.0066602561 | F47: =F46*F42 -> 0.011483406 | G47: =G46*G42 -> -0.003263677 | H47: =H46*H42 -> 0.010056404 | I47: =I46*I42 -> 0.010542591 | J47: =J46*J42 -> 0.011415731 | K47: =K46*K42 -> 0.011887727 | L47: =L46*L42 -> 0.012441182
B48: Aporte Costo Patrimonio | D48: =D43*D40 -> 0.13183849 | E48: =E43*E40 -> 0.13288683 | F48: =F43*F40 -> 0.12954987 | G48: =G43*G40 -> 0.12889011 | H48: =H43*H40 -> 0.12952399 | I48: =I43*I40 -> 0.12939618 | J48: =J43*J40 -> 0.12941579 | K48: =K43*K40 -> 0.12941453 | L48: =L43*L40 -> 0.12940176
B50: COSTO DE CAPITAL - WACC | D50: =D48+D47 -> 0.13857063 | E50: =E48+E47 -> 0.13954709 | F50: =F48+F47 -> 0.14103327 | G50: =G48+G47 -> 0.12562644 | H50: =H48+H47 -> 0.13958039 | I50: =I48+I47 -> 0.13993877 | J50: =J48+J47 -> 0.14083152 | K50: =K48+K47 -> 0.14130226 | L50: =L48+L47 -> 0.14184294
B57: VALORIZACIÓN DEL PATRIMONIO
B58: VALORIZACIÓN DEL PATRIMONIO
B59: FCLO (último valor conocido) | F59: =L24 -> 3.3035605e+08
B60: WACC (último valor conocido) | F60: =+L50 -> 0.14184294
B61: Tasa de crecimiento - perpetuidad g | C61: PIB | D61: =AVERAGE('Proyecciones Estados Financiero'!H9:L9) -> 0.0518 | E61: 0.05 | F61: =((1+D61)*(1+E61))-1 -> 0.10439
B62: VALOR TERMINAL FCLO*(1+g) / (WAAC - g) | F62: =+F59*(1+F61)/(F60-F61) -> 9.741343e+09
B66: VME y VMK EN LOS PRÓXIMOS AÑOS
C67: 2017 | D67: 2018 | E67: 2019 | F67: 2020 | G67: 2021 | H67: 2022 | I67: 2023 | J67: 2024 | K67: 2025 | L67: 2026
B68: Costo de Capital | H68: =H50 -> 0.13958039 | I68: =I50 -> 0.13993877 | J68: =J50 -> 0.14083152 | K68: =K50 -> 0.14130226 | L68: =L50 -> 0.14184294
B69: Tasa Acumulada | H69: =H50 -> 0.13958039 | I69: =+((1+H69)*(1+I68))-1 -> 0.29905187 | J69: =+((1+I69)*(1+J68))-1 -> 0.48199932 | K69: =+((1+J69)*(1+K68))-1 -> 0.69140917 | L69: =+((1+K69)*(1+L68))-1 -> 0.93132362
B71: FCL | H71: =H24 -> -1.4631145e+09 | I71: =I24 -> -4.3428046e+08 | J71: =J24 -> 5.5929116e+08 | K71: =K24 -> 4.1503974e+08 | L71: =L24 -> 3.3035605e+08
B72: Valor Terminal | L72: =F62 -> 9.741343e+09
B74: Valor presente Flujos de caja Proyectados | H74: =H71/(1+H69) -> -1.2839064e+09 | I74: =I71/(1+I69) -> -3.3430571e+08 | J74: =J71/(1+J69) -> 3.7738962e+08 | K74: =K71/(1+K69) -> 2.4538104e+08 | L74: =L71/(1+L69) -> 1.7105163e+08
B75: Valor Terminal | L75: =F62/(1+L69) -> 5.0438688e+09
B77: (+) VALOR PRESENTE DE LOS FLUJOS | H77: =SUM(H74:L74) -> -8.243898e+08
B78: (+) VALOR PRESENTE DEL VALOR TERMINAL | H78: =L75 -> 5.0438688e+09
B79: (=)VALOR DE LAS OPERACIONES O DE MERCADO | H79: =H77+H78 -> 4.219479e+09
B81: Valor de mercado de la empresa | H81: =H79 -> 4.219479e+09
B82: (Menos) Deuda operacional (Pasivo Corriente - Oblig.Finan CP) | H82: ='Proyecciones Estados Financiero'!G39-'Proyecciones Estados Financiero'!G34 -> 1907804216
B83: (Más) Activo corriente (Disp. Inver, Clientes, Invet.) | H83: ='Proyecciones Estados Financiero'!G17+'Proyecciones Estados Financiero'!G18 -> 906425945
B84: (Menos) Deuda financiera CP + LP | H84: ='Proyecciones Estados Financiero'!G34+'Proyecciones Estados Financiero'!G42 -> 3538051788
B85: VALOR DE MERCADO DEL PATRIMONIO | H85: =H81-H82+H83-H84 -> -3.1995104e+08

Sheet Crecimiento Poblacional
G4: Área | H4: Total
A6: PROYECCIONES DE POBLACIÓN NACIONAL, POR ÁREA. | G6: Año | H6: Suma de Población | I6: Año | J6: Suma de Población | L6: Crecimiento
G7: 2021 | H7: 51049498 | I7: 2021 | J7: 51049498
A8: PROYECCIONES DE POBLACIÓN A NIVEL NACIONAL. PERIODO 2018 - 2070. | G8: 2022 | H8: 51609474 | I8: 2022 | J8: 51609474 | K8: =J8-J7 -> 559976 | L8: =K8/J7 -> 0.010969275
G9: 2023 | H9: 52156254 | I9: 2023 | J9: 52156254 | K9: =J9-J8 -> 546780 | L9: =K9/J8 -> 0.010594566
G10: 2024 | H10: 52691440 | I10: 2024 | J10: 52691440 | K10: =J10-J9 -> 535186 | L10: =K10/J9 -> 0.010261205
A11: Código | B11: Nombre | C11: Año | D11: Área | E11: Población | G11: 2025 | H11: 53216592 | I11: 2025 | J11: 53216592 | K11: =J11-J10 -> 525152 | L11: =K11/J10 -> 0.0099665524
A12: 00 | B12: Total Nacional | C12: 2021 | D12: Cabecera Municipal | E12: 38898851 | G12: 2026 | H12: 53732415 | I12: 2026 | J12: 53732415 | K12: =J12-J11 -> 515823 | L12: =K12/J11 -> 0.009692898
A13: 00 | B13: Total Nacional | C13: 2021 | D13: Centros Poblados y Rural Disperso | E13: 12150647 | G13: 2027 | H13: 54237754 | I13: 2027 | J13: 54237754 | K13: =J13-J12 -> 505339 | L13: =K13/J12 -> 0.0094047327
A14: 00 | B14: Total Nacional | C14: 2021 | D14: Total | E14: 51049498 | G14: 2028 | H14: 54731186 | I14: 2028 | J14: 54731186 | K14: =J14-J13 -> 493432 | L14: =K14/J13 -> 0.0090975744
A15: 00 | B15: Total Nacional | C15: 2022 | D15: Cabecera Municipal | E15: 39388690 | G15: 2029 | H15: 55211258 | I15: 2029 | J15: 55211258 | K15: =J15-J14 -> 480072 | L15: =K15/J14 -> 0.0087714525
A16: 00 | B16: Total Nacional | C16: 2022 | D16: Centros Poblados y Rural Disperso | E16: 12220784 | G16: 2030 | H16: 55678083 | I16: 2030 | J16: 55678083 | K16: =J16-J15 -> 466825 | L16: =K16/J15 -> 0.0084552502
A17: 00 | B17: Total Nacional | C17: 2022 | D17: Total | E17: 51609474 | G17: 2031 | H17: 56131842 | I17: 2031 | J17: 56131842 | K17: =J17-J16 -> 453759 | L17: =K17/J16 -> 0.0081496879
A18: 00 | B18: Total Nacional | C18: 2023 | D18: Cabecera Municipal | E18: 39862623 | G18: 2032 | H18: 56571697 | I18: 2032 | J18: 56571697 | K18: =J18-J17 -> 439855 | L18: =K18/J17 -> 0.0078361049
A19: 00 | B19: Total Nacional | C19: 2023 | D19: Centros Poblados y Rural Disperso | E19: 12293631 | G19: Total general | H19: 647017493
A20: 00 | B20: Total Nacional | C20: 2023 | D20: Total | E20: 52156254
A21: 00 | B21: Total Nacional | C21: 2024 | D21: Cabecera Municipal | E21: 40321112
A22: 00 | B22: Total Nacional | C22: 2024 | D22: Centros Poblados y Rural Disperso | E22: 12370328
A23: 00 | B23: Total Nacional | C23: 2024 | D23: Total | E23: 52691440
A24: 00 | B24: Total Nacional | C24: 2025 | D24: Cabecera Municipal | E24: 40764914
A25: 00 | B25: Total Nacional | C25: 2025 | D25: Centros Poblados y Rural Disperso | E25: 12451678
A26: 00 | B26: Total Nacional | C26: 2025 | D26: Total | E26: 53216592
A27: 00 | B27: Total Nacional | C27: 2026 | D27: Cabecera Municipal | E27: 41194081
A28: 00 | B28: Total Nacional | C28: 2026 | D28: Centros Poblados y Rural Disperso | E28: 12538334
A29: 00 | B29: Total Nacional | C29: 2026 | D29: Total | E29: 53732415
A30: 00 | B30: Total Nacional | C30: 2027 | D30: Cabecera Municipal | E30: 41607327
A31: 00 | B31: Total Nacional | C31: 2027 | D31: Centros Poblados y Rural Disperso | E31: 12630427
... A161: 00 | B161: Total Nacional | C161: 2070 | D161: Total | E161: 63023334

Sheet Crecimiento Estudiantil
B2: CURSO | C2: 2021 | D2: 2022 | E2: 2023 | F2: 2024 | G2: 2025 | H2: 2026
B3: Crecimiento Poblacional | D3: 0.010969275 | E3: 0.010594566 | F3: 0.010261205 | G3: 0.0099665524 | H3: 0.009692898
B4: PREJARDIN (Nursery) | C4: 1 | D4: 3 | E4: =D4*(1+E$3) -> 3.0317837 | F4: =E4*(1+F$3) -> 3.0628935 | G4: =F4*(1+G$3) -> 3.0934199 | H4: =G4*(1+H$3) -> 3.1234041
B5: PREJARDIN | C5: 13 | D5: 16 | E5: =D5*(1+E$3) -> 16.169513 | F5: =E5*(1+F$3) -> 16.335432 | G5: =F5*(1+G$3) -> 16.49824 | H5: =G5*(1+H$3) -> 16.658155
B6: KINDER | C6: 27 | D6: 34 | E6: =D6*(1+E$3) -> 34.360215 | F6: =E6*(1+F$3) -> 34.712792 | G6: =F6*(1+G$3) -> 35.058759 | H6: =G6*(1+H$3) -> 35.39858
B7: TRANSICIÓN | C7: 49 | D7: 66 | E7: =D7*(1+E$3) -> 66.699241 | F7: =E7*(1+F$3) -> 67.383656 | G7: =F7*(1+G$3) -> 68.055239 | H7: =G7*(1+H$3) -> 68.714891
B8: PRIMERO | C8: 61 | D8: 67 | E8: =D8*(1+E$3) -> 67.709836 | F8: =E8*(1+F$3) -> 68.40462 | G8: =F8*(1+G$3) -> 69.086379 | H8: =G8*(1+H$3) -> 69.756026
B9: SEGUNDO | C9: 122 | D9: 124 | E9: =D9*(1+E$3) -> 125.31373 | F9: =E9*(1+F$3) -> 126.5996 | G9: =F9*(1+G$3) -> 127.86136 | H9: =G9*(1+H$3) -> 129.1007
B10: TERCERO | C10: 109 | D10: 114 | E10: =D10*(1+E$3) -> 115.20778 | F10: =E10*(1+F$3) -> 116.38995 | G10: =F10*(1+G$3) -> 117.54996 | H10: =G10*(1+H$3) -> 118.68936
B11: CUARTO | C11: 110 | D11: 114 | E11: =D11*(1+E$3) -> 115.20778 | F11: =E11*(1+F$3) -> 116.38995 | G11: =F11*(1+G$3) -> 117.54996 | H11: =G11*(1+H$3) -> 118.68936
B12: QUINTO | C12: 89 | D12: 94 | E12: =D12*(1+E$3) -> 94.995889 | F12: =E12*(1+F$3) -> 95.970662 | G12: =F12*(1+G$3) -> 96.927158 | H12: =G12*(1+H$3) -> 97.866663
B13: SEXTO | C13: 98 | D13: 101 | E13: =D13*(1+E$3) -> 102.07005 | F13: =E13*(1+F$3) -> 103.11741 | G13: =F13*(1+G$3) -> 104.14514 | H13: =G13*(1+H$3) -> 105.15461
B14: SEPTIMO | C14: 93 | D14: 96 | E14: =D14*(1+E$3) -> 97.017078 | F14: =E14*(1+F$3) -> 98.01259 | G14: =F14*(1+G$3) -> 98.989438 | H14: =G14*(1+H$3) -> 99.948933
B15: OCTAVO | C15: 68 | D15: 70 | E15: =D15*(1+E$3) -> 70.74162 | F15: =E15*(1+F$3) -> 71.467514 | G15: =F15*(1+G$3) -> 72.179799 | H15: =G15*(1+H$3) -> 72.87943
... B18: ONCE | C18: 66 | D18: 68 | E18: =D18*(1+E$3) -> 68.720431 | F18: =E18*(1+F$3) -> 69.425585 | G18: =F18*(1+G$3) -> 70.117519 | H18: =G18*(1+H$3) -> 70.797161
B19: TOTAL | C19: =SUM(C4:C18) -> 1039 | D19: =SUM(D4:D18) -> 1102 | E19: =SUM(E4:E18) -> 1113.6752 | F19: =SUM(F4:F18) -> 1125.1029 | G19: =SUM(G4:G18) -> 1136.3163 | H19: =SUM(H4:H18) -> 1147.3305
B21: CURSO | C21: 2021 | D21: 2022 | E21: 2023 | F21: 2024 | G21: 2025 | H21: 2026
B22: Inflación | D22: 0.12 | E22: 0.07 | F22: 0.0379 | G22: 0.0379 | H22: 0.0379
B23: PREJARDIN (Nursery) | C23: 1318818 | D23: =C23*(1+D$22) -> 1477076.2 | E23: =D23*(1+E22) -> 1580471.5 | F23: =E23*(1+F22) -> 1640371.4 | G23: =F23*(1+G22) -> 1702541.4 | H23: =G23*(1+H22) -> 1767067.8
B24: PREJARDIN | C24: 1318818 | D24: =C24*(1+D$22) -> 1477076.2 | E24: =D24*(1+E$22) -> 1580471.5 | F24: =E24*(1+F$22) -> 1640371.4 | G24: =F24*(1+G$22) -> 1702541.4 | H24: =G24*(1+H$22) -> 1767067.8
B25: KINDER | C25: 1284803 | D25: =C25*(1+D$22) -> 1438979.4 | E25: =D25*(1+E$22) -> 1539707.9 | F25: =E25*(1+F$22) -> 1598062.8 | G25: =F25*(1+G$22) -> 1658629.4 | H25: =G25*(1+H$22) -> 1721491.5
B26: TRANSICIÓN | C26: 1269409 | D26: =C26*(1+D$22) -> 1421738.1 | E26: =D26*(1+E$22) -> 1521259.7 | F26: =E26*(1+F$22) -> 1578915.5 | G26: =F26*(1+G$22) -> 1638756.4 | H26: =G26*(1+H$22) -> 1700865.3
B27: PRIMERO | C27: 1231580 | D27: =C27*(1+D$22) -> 1379369.6 | E27: =D27*(1+E$22) -> 1475925.5 | F27: =E27*(1+F$22) -> 1531863 | G27: =F27*(1+G$22) -> 1589920.7 | H27: =G27*(1+H$22) -> 1650178.6
B28: SEGUNDO | C28: 1220048 | D28: =C28*(1+D$22) -> 1366453.8 | E28: =D28*(1+E$22) -> 1462105.5 | F28: =E28*(1+F$22) -> 1517519.3 | G28: =F28*(1+G$22) -> 1575033.3 | H28: =G28*(1+H$22) -> 1634727.1
B29: TERCERO | C29: 968063 | D29: =C29*(1+D$22) -> 1084230.6 | E29: =D29*(1+E$22) -> 1160126.7 | F29: =E29*(1+F$22) -> 1204095.5 | G29: =F29*(1+G$22) -> 1249730.7 | H29: =G29*(1+H$22) -> 1297095.5
B30: CUARTO | C30: 968063 | D30: =C30*(1+D$22) -> 1084230.6 | E30: =D30*(1+E$22) -> 1160126.7 | F30: =E30*(1+F$22) -> 1204095.5 | G30: =F30*(1+G$22) -> 1249730.7 | H30: =G30*(1+H$22) -> 1297095.5
B31: QUINTO | C31: 977461 | D31: =C31*(1+D$22) -> 1094756.3 | E31: =D31*(1+E$22) -> 1171389.3 | F31: =E31*(1+F$22) -> 1215784.9 | G31: =F31*(1+G$22) -> 1261863.2 | H31: =G31*(1+H$22) -> 1309687.8
B32: SEXTO | C32: 883965 | D32: =C32*(1+D$22) -> 990040.8 | E32: =D32*(1+E$22) -> 1059343.7 | F32: =E32*(1+F$22) -> 1099492.8 | G32: =F32*(1+G$22) -> 1141163.6 | H32: =G32*(1+H$22) -> 1184413.7
B33: SEPTIMO | C33: 883965 | D33: =C33*(1+D$22) -> 990040.8 | E33: =D33*(1+E$22) -> 1059343.7 | F33: =E33*(1+F$22) -> 1099492.8 | G33: =F33*(1+G$22) -> 1141163.6 | H33: =G33*(1+H$22) -> 1184413.7
B34: OCTAVO | C34: 879795 | D34: =C34*(1+D$22) -> 985370.4 | E34: =D34*(1+E$22) -> 1054346.3 | F34: =E34*(1+F$22) -> 1094306.1 | G34: =F34*(1+G$22) -> 1135780.3 | H34: =G34*(1+H$22) -> 1178826.3
B35: NOVENO | C35: 875646 | D35: =C35*(1+D$22) -> 980723.52 | E35: =D35*(1+E$22) -> 1049374.2 | F35: =E35*(1+F$22) -> 1089145.4 | G35: =F35*(1+G$22) -> 1130424.1 | H35: =G35*(1+H$22) -> 1173267.1
... B37: ONCE | C37: 774605 | D37: =C37*(1+D$22) -> 867557.6 | E37: =D37*(1+E$22) -> 928286.63 | F37: =E37*(1+F$22) -> 963468.7 | G37: =F37*(1+G$22) -> 999984.16 | H37: =G37*(1+H$22) -> 1037883.6
B38: TOTAL
B41: CURSO | C41: 2021 | D41: 2022 | E41: 2023 | F41: 2024 | G41: 2025 | H41: 2026
B42: inflacion | D42: 0.12 | E42: 0.07 | F42: 0.0379 | G42: 0.0379 | H42: 0.0379
B43: PREJARDIN (Nursery) | C43: =C23*C4*12 -> 15825816 | D43: =D23*D4*12 -> 53174742 | E43: =E23*E4*12 -> 57499772 | F43: =F23*F4*12 -> 60291392 | G43: =G23*G4*12 -> 63200108 | H43: =H23*H4*12 -> 66231201
B44: PREJARDIN | C44: =C24*C5*12 -> 205735608 | D44: =D24*D5*12 -> 2.8359862e+08 | E44: =E24*E5*12 -> 3.0666545e+08 | F44: =F24*F5*12 -> 3.2155409e+08 | G44: =G24*G5*12 -> 3.3706724e+08 | H44: =H24*H5*12 -> 3.5323307e+08
B45: KINDER | C45: =C25*C6*12 -> 416276172 | D45: =D25*D6*12 -> 5.8710358e+08 | E45: =E25*E6*12 -> 6.3485634e+08 | F45: =F25*F6*12 -> 6.6567869e+08 | G45: =G25*G6*12 -> 6.9779388e+08 | H45: =H25*H6*12 -> 7.3126025e+08
B46: TRANSICIÓN | C46: =C26*C7*12 -> 746412492 | D46: =D26*D7*12 -> 1.1260166e+09 | E46: =E26*E7*12 -> 1.2176025e+09 | F46: =F26*F7*12 -> 1.2767172e+09 | G46: =G26*G7*12 -> 1.3383115e+09 | H46: =H26*H7*12 -> 1.4024973e+09
B47: PRIMERO | C47: =C27*C8*12 -> 901516560 | D47: =D27*D8*12 -> 1.1090132e+09 | E47: =E27*E8*12 -> 1.1992161e+09 | F47: =F27*F8*12 -> 1.2574381e+09 | G47: =G27*G8*12 -> 1.3181023e+09 | H47: =H27*H8*12 -> 1.3813189e+09
B48: SEGUNDO | C48: =C28*C9*12 -> 1786150272 | D48: =D28*D9*12 -> 2.0332832e+09 | E48: =E28*E9*12 -> 2.1986627e+09 | F48: =F28*F9*12 -> 2.305408e+09 | G48: =G28*G9*12 -> 2.4166308e+09 | H48: =H28*H9*12 -> 2.532533e+09
B49: TERCERO | C49: =C29*C10*12 -> 1266226404 | D49: =D29*D10*12 -> 1.4832274e+09 | E49: =E29*E10*12 -> 1.6038675e+09 | F49: =F29*F10*12 -> 1.6817354e+09 | G49: =G29*G10*12 -> 1.7628695e+09 | H49: =H29*H10*12 -> 1.8474172e+09
B50: CUARTO | C50: =C30*C11*12 -> 1277843160 | D50: =D30*D11*12 -> 1.4832274e+09 | E50: =E30*E11*12 -> 1.6038675e+09 | F50: =F30*F11*12 -> 1.6817354e+09 | G50: =G30*G11*12 -> 1.7628695e+09 | H50: =H30*H11*12 -> 1.8474172e+09
B51: QUINTO | C51: =C31*C12*12 -> 1043928348 | D51: =D31*D12*12 -> 1.2348851e+09 | E51: =E31*E12*12 -> 1.335326e+09 | F51: =F31*F12*12 -> 1.4001562e+09 | G51: =G31*G12*12 -> 1.4677057e+09 | H51: =H31*H12*12 -> 1.5380973e+09
B52: SEXTO | C52: =C32*C13*12 -> 1039542840 | D52: =D32*D13*12 -> 1.1999294e+09 | E52: =E32*E13*12 -> 1.2975271e+09 | F52: =F32*F13*12 -> 1.3605222e+09 | G52: =G32*G13*12 -> 1.4261596e+09 | H52: =H32*H13*12 -> 1.4945586e+09
B53: SEPTIMO | C53: =C33*C14*12 -> 986504940 | D53: =D33*D14*12 -> 1.140527e+09 | E53: =E33*E14*12 -> 1.2332931e+09 | F53: =F33*F14*12 -> 1.2931696e+09 | G53: =G33*G14*12 -> 1.3555577e+09 | H53: =H33*H14*12 -> 1.4205706e+09
B54: OCTAVO | C54: =C34*C15*12 -> 717912720 | D54: =D34*D15*12 -> 8.2771114e+08 | E54: =E34*E15*12 -> 8.95034e+08 | F54: =F34*F15*12 -> 9.38488e+08 | G54: =G34*G15*12 -> 9.8376468e+08 | H54: =H34*H15*12 -> 1.0309463e+09
... B57: ONCE | C57: =C37*C18*12 -> 613487160 | D57: =D37*D18*12 -> 7.07927e+08 | E57: =E37*E18*12 -> 7.6550708e+08 | F57: =F37*F18*12 -> 8.0267253e+08 | G57: =G37*G18*12 -> 8.413969e+08 | H57: =H37*H18*12 -> 8.8175051e+08
B58: TOTAL | C58: =SUM(C43:C57) -> 12384294084 | D58: =SUM(D43:D57) -> 1.4824125e+10 | E58: =SUM(E43:E57) -> 1.6029863e+10 | F58: =SUM(F43:F57) -> 1.6808114e+10 | G58: =SUM(G43:G57) -> 1.761901e+10 | H58: =SUM(H43:H57) -> 1.8464022e+10
